 Dungeon Crawl Stone Soup version 0.31.0-12-g77e489cdc1 (webtiles) character file.

Game seed: 5058180674466264709

8397665 ymhsbmbesitwf the Minotaur of Death (level 27, 273/273 HPs)
             Began as a Minotaur Fighter on Feb 10, 2024.
             Was an Initiate of Gozag.
             Escaped with the Orb
             ... and 15 runes
             ... and 11 gems on Feb 14, 2024!
             The game lasted 20:18:49 (273926 turns).

ymhsbmbesitwf the Minotaur of Death (MiFi)        Turns: 273926, Time: 20:18:50

Health: 273/273    AC: 49    Str: 28    XL:     27
Magic:  62/62      EV: 26    Int: 17    God:    Gozag
Gold:   17688      SH: 34    Dex: 19    Spells: 28/80 levels left

rFire   + + +        a - +9 broad axe (flame)
rCold   + + +        m - +8 tower shield {rC+}
rNeg    + + +        v - +12 gold dragon scales "Zacuh" {rElec rPois rF+ rC+ MP+9}
rPois   ∞            Q - +2 hat
rElec   +            H - +1 cloak of a ziggurat {Regen+ rCorr}
rCorr   +            k - +0 pair of fencer's gloves {Riposte Dex+3}
SInv    +            P - +1 pair of boots "Riniel" {rC+ Regen+}
Will    +++++        F - amulet "Astrom" {Faith Regen+ SInv}
Stlth   +            I - ring of Dim Light {Will+ EV+5 Str+3 Dex+4}
HPRegen 3.05/turn    E - ring of Rigutof {rF+++ rC- Int+6 Slay+3}
MPRegen 0.38/turn

%: faith
@: death-form, studying 9 skills
A: vile attack, torment immunity, no potions, horns 2, retaliatory headbutt,
fire resistance 2, strong-willed 1, screaming 1, weak 1
0: Orb of Zot
}: 15/15 runes: serpentine, barnacled, slimy, silver, golden, iron, obsidian,
icy, bone, abyssal, demonic, glowing, magical, fiery, dark
a: Siphon Essence, Begin Untransformation, Renounce Religion, Potion Petition,
Call Merchant, Bribe Branch


You escaped.
You worshipped Gozag.
Gozag was extremely pleased with you.
You were an undying horror.
You visited 18 branches of the dungeon, and saw 88 of its levels.
You visited Pandemonium 4 times, and saw 211 of its levels.
You visited the Abyss 7 times.
You completed 1 ziggurat, and saw 27 of its levels.
You also visited: Gauntlet, Ice Cave and Wizlab.

You collected 55368 gold pieces.
You spent 14097 gold pieces at shops.
You donated 1189 gold pieces to Zin.
You paid 22394 gold pieces to Gozag.

Inventory:

Hand Weapons
 a - a +9 broad axe of flaming (weapon)
 b - the +8 demon trident "Rift" {distort, reach+}
   (You found it on level 7 of Cocytus)
Missiles
 f - 33 javelins
 R - 99 boomerangs (quivered)
Armour
 k - the +0 pair of fencer's gloves (worn) {Riposte Dex+3}
   (You bought it in a shop on level 1 of the Depths)

   Riposte:   It allows the wearer to riposte with melee weapons, swiftly
   retaliating against missed or blocked melee attacks.
   Dex+3:     It affects your dexterity (+3).
 m - a +8 tower shield of cold resistance (worn)
 v - the +12 gold dragon scales "Zacuh" (worn) {rElec rPois rF+ rC+ MP+9}
   (You bought it in a shop on level 2 of the Snake Pit)

   rF+:       It protects you from fire.
   rC+:       It protects you from cold.
   rElec:     It insulates you from electricity.
   rPois:     It protects you from poison MP+9: It affects your magic capacity
   (+9).
 H - the +1 cloak of a ziggurat (worn) {Regen+ rCorr}
   (You bought it in a shop on level 3 of the Elven Halls)

   Regen+:    It increases your rate of health regeneration.
   rCorr:     It protects you from acid and corrosion.
 P - the +1 pair of boots "Riniel" (worn) {rC+ Regen+}
   (You found it in Pandemonium)

   rC+:       It protects you from cold.
   Regen+:    It increases your rate of health regeneration.
 Q - a +2 hat (worn)
Jewellery
 d - the ring of the Fabulous Tamarind {rElec rC+ Dex+3 SInv}
   (You found it on level 17 of a ziggurat)

   [ring of see invisible]

   Dex+3:     It affects your dexterity (+3).
   rC+:       It protects you from cold.
   rElec:     It insulates you from electricity.
   SInv:      It lets you see invisible.
 p - the ring of the Filigreed God {Fly rF++}
   (You found it on level 26 of a ziggurat)

   [ring of flight]

   rF++:      It greatly protects you from fire.
   Fly:       It grants you flight.
 r - the ring of Absolutism {rF+ AC+4 Str+3 SInv Stlth+}
   (You found it on level 27 of a ziggurat)

   [ring of protection]

   AC+4:      It affects your AC (+4).
   Str+3:     It affects your strength (+3).
   rF+:       It protects you from fire.
   SInv:      It lets you see invisible.
   Stlth+:    It makes you more stealthy.
 s - the ring of Vykengof {rC+ rN+ MP-9 Str+5 Slay+4}
   (You found it in a Gauntlet)

   [ring of protection from cold]

   Str+5:     It affects your strength (+5).
   Slay+4:    It affects your accuracy & damage with ranged weapons and melee
   (+4).
   rC+:       It protects you from cold.
   rN+:       It protects you from negative energy.
   MP-9:      It affects your magic capacity (-9).
 y - the ring "Asokalad" {Fly rN+ Dex+2}
   (You found it on level 9 of a ziggurat)

   [ring of flight]

   Dex+2:     It affects your dexterity (+2).
   rN+:       It protects you from negative energy.
   Fly:       It grants you flight.
 D - the amulet "Kiazado" {Acrobat rC+ rN+ Stlth+}
   (You found it on level 7 of Gehenna)

   [amulet of the acrobat]

   Acrobat:   It increases your evasion while moving and waiting.
   rC+:       It protects you from cold.
   rN+:       It protects you from negative energy.
   Stlth+:    It makes you more stealthy.
 E - the ring of Rigutof (right hand) {rF+++ rC- Int+6 Slay+3}
   (You found it on level 15 of a ziggurat)

   [ring of intelligence]

   Int+6:     It affects your intelligence (+6).
   Slay+3:    It affects your accuracy & damage with ranged weapons and melee
   (+3).
   rF+++:     It renders you almost immune to fire.
   rC-:       It makes you vulnerable to cold.
 F - the amulet "Astrom" (around neck) {Faith Regen+ SInv}
   (You acquired it in Pandemonium)

   [amulet of faith]

   Faith:     It allows you to gain divine favour quickly.
   SInv:      It lets you see invisible.
   Regen+:    It increases your rate of health regeneration.
 I - the ring of Dim Light (left hand) {Will+ EV+5 Str+3 Dex+4}
   (You found it on level 12 of a ziggurat)

   [ring of evasion]

   EV+5:      It affects your evasion (+5).
   Str+3:     It affects your strength (+3).
   Dex+4:     It affects your dexterity (+4).
   Will+:     It increases your willpower.
 K - the ring of Seno Vud {rC+ rN+ Str+2}
   (You found it on level 3 of the Crypt)

   [ring of positive energy]

   Str+2:     It affects your strength (+2).
   rC+:       It protects you from cold.
   rN+:       It protects you from negative energy.
 Y - the amulet "Wotahom" {Reflect rN+ SH+5}
   (You found it in a Gauntlet)

   [amulet of reflection]

   Reflect:   It reflects blocked missile attacks.
   rN+:       It protects you from negative energy.
   SH+5:      It affects your SH (+5).
 Z - the ring of Mistrust {rF+ rC+ MP+9 Str+2}
   (You found it in Pandemonium)

   [ring of magical power]

   Str+2:     It affects your strength (+2).
   rF+:       It protects you from fire.
   rC+:       It protects you from cold.
   MP+9:      It affects your magic capacity (+9).
Talismans
 J - a talisman of death (active)
Wands
 z - a wand of quicksilver (163)
 B - a wand of digging (131)
Scrolls
 h - 30 scrolls of revelation
 o - 39 scrolls of immolation
 t - 45 scrolls of fog
 u - 31 scrolls of poison
 A - 40 scrolls of blinking
 G - 37 scrolls of fear
 L - 124 scrolls of teleportation
 S - 9 scrolls of summoning
 T - 15 scrolls of silence
Potions
 g - 37 potions of haste
 i - 32 potions of attraction
 n - 45 potions of enlightenment
 q - 34 potions of might
 w - 96 potions of curing
 x - 29 potions of cancellation
 C - 11 potions of resistance
 U - 49 potions of heal wounds
 V - 23 potions of brilliance
 X - 71 potions of mutation
Miscellaneous
 c - 2 +1 figurines of a ziggurat
 O - a phantom mirror


   Skills:
 O Level 27 Fighting
 O Level 27 Axes
 - Level 18.1(24.5) Maces & Flails
 O Level 27 Throwing
 O Level 27 Armour
 O Level 27 Dodging
 O Level 27 Stealth
 O Level 27 Shields
 O Level 27 Unarmed Combat
 O Level 27 Spellcasting
 O Level 27 Hexes
 O Level 27 Summonings
 O Level 27 Necromancy
 O Level 27 Earth Magic
 + Level 20.5 Alchemy
 O Level 27 Invocations
 O Level 27 Evocations
 O Level 27 Shapeshifting


You had 28 spell levels left.
You knew the following spells:

 Your Spells              Type           Power      Damage    Failure   Level
a - Enfeeble              Hex            43%        N/A       1%          7
b - Tukima's Dance        Hex            86%        N/A       0%          3
c - Dragon's Call         Summ           43%        N/A       13%         9
d - Discord               Hex            43%        N/A       1%          8
e - Death Channel         Necr           43%        N/A       1%          6
f - Shatter               Erth           43%        3d33*     13%         9
g - Alistair's Intoxicat  Alch           50%        N/A       1%          5
h - Yara's Violent Unrav  Hex/Alch       40%        3d16      0%          5

Your spell library contained the following spells:

 Spells                   Type           Power      Damage    Failure   Level
 Necrotise                Necr           100%       1d9       0%          1
 Sandblast                Erth           100%       2d20      0%          1
 Slow                     Hex            100%       N/A       0%          1
 Summon Small Mammal      Summ           100%       N/A       0%          1
 Call Imp                 Summ           100%       N/A       0%          2
 Jinxbite                 Hex            100%       N/A       0%          2
 Sublimation of Blood     Necr           86%        N/A       0%          2
 Call Canine Familiar     Summ           86%        N/A       0%          3
 Confusing Touch          Hex            86%        N/A       0%          3
 Fugue of the Fallen      Necr           86%        N/A       0%          3
 Passwall                 Erth           86%        N/A       0%          3
 Sigil of Binding         Hex            86%        N/A       0%          3
 Vampiric Draining        Necr           86%        2d12      0%          3
 Anguish                  Hex/Necr       43%        N/A       0%          4
 Animate Armour           Summ/Erth      100%       N/A       0%          4
 Cause Fear               Hex            43%        N/A       0%          4
 Dispel Undead            Necr           86%        3d28      0%          4
 Leda's Liquefaction      Alch/Erth      40%        N/A       0%          4
 Martyr's Knell           Necr/Summ      86%        N/A       0%          4
 Petrify                  Alch/Erth      81%        N/A       0%          4
 Borgnjor's Vile Clutch   Necr/Erth      43%        N/A       0%          5
 Curse of Agony           Necr           86%        N/A       0%          5
 Lee's Rapid Deconstruct  Erth           43%        3d21*     0%          5
 Summon Mana Viper        Hex/Summ       86%        N/A       0%          5
 Kiss of Death            Conj/Necr      100%       2d13      1%          1
 Sting                    Conj/Alch      100%       1d9       1%          1
 Cigotuvi's Dreadful Rot  Necr/Alch/Air  100%       N/A       1%          2
 Ensorcelled Hibernation  Hex/Ice        100%       N/A       1%          2
 Mercury Vapours          Alch/Air       100%       N/A       1%          2
 Dazzling Flash           Conj/Hex       100%       N/A       1%          3
 Inner Flame              Hex/Fire       62%        N/A       1%          3
 Mephitic Cloud           Conj/Alch/Air  46%        N/A       1%          3
 Stone Arrow              Conj/Erth      100%       3d13      1%          3
 Summon Ice Beast         Ice/Summ       62%        N/A       1%          3
 Brom's Barrelling Bould  Conj/Erth      62%        2d8       1%          4
 Dimensional Bullseye     Hex/Tloc       31%        N/A       1%          4
 Fulminant Prism          Conj/Alch      27%        3d14      1%          4
 Ignite Poison            Fire/Alch      55%        N/A       1%          4
 Olgreb's Toxic Radiance  Alch           75%        N/A       1%          4
 Sticky Flame             Fire/Alch      55%        2d10      1%          4
 Summon Blazeheart Golem  Fire/Summ      62%        N/A       1%          4
 Summon Lightning Spire   Summ/Air       62%        N/A       1%          4
 Metabolic Englaciation   Hex/Ice        31%        N/A       1%          5
 Silence                  Hex/Air        31%        N/A       1%          5
 Summon Forest            Summ/Tloc      31%        N/A       1%          5
 Eringya's Noxious Bog    Alch           37%        4d6       1%          6
 Summon Cactus Giant      Summ           43%        N/A       1%          6
 Haunt                    Necr/Summ      43%        N/A       1%          7
 Monstrous Menagerie      Summ           43%        N/A       1%          7
 Summon Hydra             Summ           43%        N/A       1%          7
 Borgnjor's Revivificati  Necr           43%        N/A       1%          8
 Infestation              Necr           43%        N/A       1%          8
 Summon Horrible Things   Summ           43%        N/A       1%          8
 Irradiate                Conj/Alch      27%        3d20      3%          5
 Bombard                  Conj/Erth      31%        9d6       4%          6
 Apportation              Tloc           44%        N/A       9%          1
 Foxfire                  Conj/Fire      88%        2x1d8     9%          1
 Freeze                   Ice            88%        1d9       9%          1
 Magic Dart               Conj           88%        1d7       9%          1
 Shock                    Conj/Air       88%        1d8       9%          1
 Blink                    Tloc           44%        N/A       13%         2
 Lesser Beckoning         Tloc           44%        N/A       13%         2
 Momentum Strike          Conj/Tloc      44%        3d9       13%         2
 Scorch                   Fire           44%        2d6       13%         2
 Searing Ray              Conj           44%        2d6       13%         2
 Static Discharge         Conj/Air       44%        3-5/arc   13%         2
 Death's Door             Necr           43%        N/A       13%         9
 Sculpt Simulacrum        Ice/Alch       27%        N/A       19%         6
 Frozen Ramparts          Ice            44%        1d7       26%         3
 Gell's Gravitas          Tloc           22%        N/A       26%         3
 Hailstorm                Conj/Ice       22%        3d7       26%         3
 Ozocubu's Armour         Ice            22%        N/A       26%         3
 Swiftness                Air            22%        N/A       26%         3
 Teleport Other           Tloc           22%        N/A       26%         3
 Volatile Blastmotes      Fire/Tloc      44%        2d13      26%         3
 Malign Gateway           Summ/Tloc      31%        N/A       28%         7
 Spellforged Servitor     Conj/Summ      31%        N/A       28%         7
 Airstrike                Air            11%        2d(2-18)  63%         4
 Flame Wave               Conj/Fire      22%        2d8       63%         4
 Iskenderun's Mystic Bla  Conj/Tloc      22%        2d6       63%         4
 Manifold Assault         Tloc           22%        N/A       63%         4
 Passage of Golubria      Tloc           22%        N/A       63%         4
 Vhi's Electric Charge    Tloc/Air       44%        N/A       63%         4
 Lehudib's Crystal Spear  Conj/Erth      31%        10d8      91%         8
 Arcjolt                  Conj/Air       11%        1d21      93%         5
 Fireball                 Conj/Fire      11%        3d7       93%         5
 Freezing Cloud           Conj/Ice/Air   11%        6-21      93%         5
 Iskenderun's Battlesphe  Conj           22%        2d8       93%         5
 Conjure Ball Lightning   Conj/Air       11%        3x3d6     100%        6
 Dispersal                Tloc           11%        N/A       100%        6
 Plasma Beam              Fire/Air       11%        2x1d22    100%        6
 Starburst                Conj/Fire      11%        6d5       100%        6
 Orb of Destruction       Conj           11%        9d6       100%        7
 Ozocubu's Refrigeration  Ice            11%        4d9       100%        7
 Disjunction              Tloc           11%        N/A       100%        8
 Ignition                 Fire           11%        3d5       100%        8
 Maxwell's Capacitive Co  Air            11%        ∞         100%        8
 Chain Lightning          Conj/Air       11%        3d14      100%        9
 Fire Storm               Conj/Fire      11%        8d3       100%        9
 Polar Vortex             Ice            11%        12d1*     100%        9
 Animate Dead             Necr           Unusable   N/A       N/A         4

Dungeon Overview and Level Annotations

Branches:
Dungeon (15/15)            Temple (1/1) D:7            Lair (5/5) D:10
 Shoals (4/4) Lair:3        Snake (4/4) Lair:2        Slime (5/5) Lair:4
    Orc (2/2) D:12            Elf (3/3) Orc:2        Vaults (5/5) D:14
  Crypt (3/3) Vaults:2       Tomb (3/3) Crypt:3      Depths (4/4) D:15
   Hell (visited)             Dis (7/7) Hell            Geh (7/7) Hell
    Coc (7/7) Hell            Tar (7/7) Hell            Zot (5/5) Depths:4
  IceCv (visited)          WizLab (visited)         Gauntlet (visited)

Altars:
Ashenzari
Cheibriados
Dithmenos
Elyvilon
Fedhas
Gozag
Hepliaklqana
Kikubaaqudgha
Makhleb
Nemelex Xobeh
Okawaru
Qazlal
Ru
Sif Muna
Trog
Uskayaw
Vehumet
Wu Jian
Xom
Yredelemnul
Zin
The Shining One
Jiyva
Lugonu

Shops:
D:3 [   D:5 [   D:9 ?   D:12 [   D:14 [   Orc:2 (?(*   Elf:1 (   Elf:2 [:(
Elf:3 *   Shoals:1 *   Shoals:2 [*   Snake:1 :   Snake:2 :[[[   Vaults:1 :
Vaults:2 (*   Vaults:3 [[(   Depths:1 [*[   Depths:4 *[[[=

Portals:
Hell: Depths:1 Depths:2 Depths:3 Depths:4
Abyss: Depths:3 Depths:4
Pandemonium: Depths:1 Depths:2 Depths:4

Annotations:
Zot:5 1 transporter
Abyss:1 Antaeus


Innate Abilities, Weirdness & Mutations

You are an undying horror.
Your melee and unarmed attacks drain, slow and weaken victims.
You are immune to unholy pain and torment.
You cannot drink.
You are immune to poison.
You have a pair of horns on your head.
You reflexively headbutt those who attack you in melee.
Your flesh is very heat resistant. (rF++)
You are strong-willed. (Will+)
You occasionally shout uncontrollably at your foes.
You are weak. (Str -2)


Message History

There is a stone staircase leading down here.
A balrug and 2 sun demons come into view.
The balrug is wielding a +2 demon whip of venom.
The sun demon shouts!
You slice the sun demon!!
The sun demon decays.
You headbutt the sun demon, but do no damage.
The sun demon is moderately wounded.
You slash the sun demon!
The sun demon decays.
The sun demon is severely wounded.
You block the sun demon's attack.
You chop the sun demon into pieces!!!
You kill the sun demon!
You cut the balrug into ribbons!!!
The balrug decays.
Your headbutt misses the balrug.
The balrug is heavily wounded.
You block the balrug's attack.
You slice the balrug!!
The balrug decays.
Your headbutt misses the balrug.
The balrug is almost dead.
You slice the balrug!!
You kill the balrug!
You slash the sun demon!
The sun demon decays.
You slash the sun demon!
The sun demon decays.
The sun demon is heavily wounded.
You block the sun demon's attack.
You riposte.
You hit the sun demon but do no damage.
The sun demon is heavily wounded.
You cut the sun demon into ribbons!!!
You kill the sun demon!
No target in view!
You now have 17688 gold pieces (gained 7).
There is a large open door here.
There is a staircase leading out of the dungeon here.
Unknown command.
Unknown command.
Unknown command.
Unknown command.
Char dumped successfully.
Unknown command.
Unknown command.
You have escaped!

#.....#####
#.######... #.# #.##
###### #.# #.#.
##....## #.# #.#.
#.####.####.######.#.
#.8####'.............
#.#...#'.############
#.#.z..### #....
#.#...## #.###
#.#.#############.#
#..##.>...........#
######.............###
#......####.........).
#.....................
#......####...........
########....).#
#...........


There were no monsters in sight!

Vanquished Creatures
  Cerebov (Pan)
  Asmodeus (Geh:7)
  the Royal Jelly (Slime:5)
  Dissolution (Slime:5)
  Ereshkigal (Tar:7)
  Mnoleg (Pan)
  Lom Lobon (Pan)
  Gloorx Vloq (Pan)
  the Serpent of Hell (Tar:7)
  A seraph (Pan)
  Frederick (Vaults:4)
  Tiamat (Zot:5)
  207 pandemonium lords
  4 dread liches
  Dispater (Dis:7)
  9 orbs of fire
  9 ancient liches
  5 juggernauts
  Mennas (Pan)
  46 royal mummies
  Parghit (Zot:4)
  The ghost of Xiejaus the Rhythm of Life and Death, a legendary VSFi of Uskayaw (Zig:11)
  13 shard shrikes
  9 Killer Klowns
  A curse toe (Zot:1)
  41 caustic shrikes
  Geryon (Hell)
  2 pearl dragons (Pan)
  Jory (Crypt:3)
  8 profane servitors
  26 bone dragons
  22 golden dragons
  8 iron giants
  93 Tzitzimimeh
  5 electric golems
  A shard shrike zombie (Abyss:4)
  146 Brimstone Fiends
  15 hellephants
  2 walking crystal tomes (Depths:3)
  17 doom hounds
  4 spectral shard shrikes
  24 tentacled monstrosities
  Zenata (Elf:2)
  Jorgrun (Elf:2)
  155 Hell Sentinels
  144 Ice Fiends
  22 liches
  25 Orb Guardians (Zot:5)
  A moon troll (WizLab)
  18 tainted leviathans
  17 titans
  Grunn (Zot:4)
  9 quicksilver dragons
  22 searing wretches
  2 deep elf blademasters (Elf:3)
  12 sphinxes
  3 walking divine tomes
  3 walking frostbound tomes (Pan)
  Agnes (Snake:4)
  10 death cobs
  47 ancient champions
  16 acid blobs
  231 Executioners
  A kraken (Shoals:3)
  2 eldritch tentacles (Pan)
  A thorn hunter (Zig:9)
  27 tentacled starspawn
  2 deep elf master archers (Elf:3)
  Murray (Hell)
  Aizul (Shoals:2)
  14 shadow dragons
  21 tengu reavers
  21 storm dragons
  9 nagarajas
  18 protean progenitors
  190 demonspawn warmongers (Pan)
  10 revenants
  10 draconian knights
  8 fenstrider witches
  Ilsuiw (Shoals:2)
  15 draconian monks
  21 daevas
  9 narguns
  272 balrugs
  10 rockslimes
  17 azure jellies
  An emperor scorpion (Zig:22)
  9 quicksilver elementals
  14 draconian shifters
  26 fire giants
  8 deep elf sorcerers
  11 ghouls
  A caustic shrike zombie (Zig:20)
  13 frost giants
  4 shard shrike simulacra
  4 deep elf elementalists
  14 draconian stormcallers
  20 vault wardens
  22 ironbound preservers
  36 angels
  6 orc warlords
  16 ghost moths
  5 spectral juggernauts
  9 curse skulls
  13 iron dragons
  8 draconian scorchers
  12 ophanim (Pan)
  270 reapers
  2 juggernaut zombies (Hell)
  20 very ugly things
  5 caustic shrike skeletons
  A stone giant (shapeshifter) (Zig:24)
  A broodmother (Zig:22)
  5 ironbound thunderhulks
  5 spectral caustic shrikes
  18 quicksilver oozes
  12 formless jellyfish
  225 cacodemons
  11 draconian annihilators
  207 demonspawn corrupters (Pan)
  152 demonspawn blood saints
  3 spriggan defenders
  24 stone giants
  16 putrid mouths
  23 vampire knights
  7 juggernaut skeletons
  24 apis (Pan)
  11 black draconians
  7 purple draconians
  7 deep elf demonologists
  15 green draconians
  11 deep elf annihilators
  11 bennus
  258 lorocyprocas
  214 demonspawn black suns
  9 dire elephants
  11 elemental wellsprings
  14 yellow draconians
  2 spectral titans
  12 deep elf death magi
  2 eleionomae (Zig:26)
  11 red draconians
  14 white draconians
  40 war gargoyles
  Azrael (D:15)
  9 wendigos
  11 spark wasps
  3 bunyips
  A minotaur (Gauntlet)
  29 eidola
  The ghost of PanSaczeczos the Jinx, a journeyman SpEn of Hepliaklqana (D:13)
  An ettin (shapeshifter) (Vaults:5)
  3 crystal guardians
  15 iron golems
  19 mummy priests
  11 jiangshi
  18 merfolk impalers
  257 blizzard demons
  A quicksilver dragon zombie (Zig:20)
  9 ettins
  12 fire dragons
  2 spectral quicksilver dragons
  7 merfolk javelineers
  208 green deaths
  9 great orbs of eyes
  4 deep elf high priests
  7 entropy weavers
  3 spectral spriggans
  9 yaktaur captains
  A quicksilver dragon skeleton (Crypt:2)
  4 hydras
  4 juggernaut simulacra
  5 spriggan zombies
  30 rakshasas
  89 hell beasts
  An alligator (Zig:21)
  30 vault guards
  4 ogre magi
  8 caustic shrike simulacra
  2 sphinx zombies
  3 alligator snapping turtles
  16 salamander tyrants
  10 ice dragons
  2 catoblepae
  21 stokers
  5 spriggan air magi
  4 merfolk avatars
  4 jorogumos
  13 centaur warriors
  A death knight (Abyss:4)
  A satyr (shapeshifter) (Zig:24)
  5 satyrs
  A sphinx skeleton (Zig:20)
  16 anacondas
  7 merfolk aquamancers
  12 two-headed ogres
  34 thrashing horrors (Abyss:4)
  10 ironbound frosthearts
  A spectral stone giant (Tar:3)
  8 boulder beetles
  3 death yaks
  6 deep troll shamans
  18 naga warriors
  9 tengu warriors
  An Orb Guardian skeleton (Crypt:2)
  14 vampire magi
  81 death scarabs
  A shock serpent (shapeshifter) (Vaults:1)
  4 spectral dire elephants
  30 dancing weapons
  16 deep troll earth magi
  10 shock serpents
  5 spriggan berserkers
  3 storm dragon zombies
  18 naga sharpshooters
  2 titan zombies (Zig:20)
  7 orc high priests
  53 hell hogs
  9 holy swine
  307 demonic crawlers
  3 occultists (Depths:4)
  2 hellephant skeletons (Pan)
  A titan skeleton (Zig:20)
  10 crystal echidnas
  1072 sun demons
  25 deep elf knights
  19 wretched stars (Abyss:4)
  8 skysharks
  645 soul eaters
  13 hell knights
  48 skeletal warriors
  9 salamander mystics
  295 sixfirhies
  2 pharaoh ants (Zig:22)
  30 shadow wraiths
  46 deep trolls
  An iron giant zombie (Crypt:3)
  12 iron trolls
  A fire crab (Lair:5)
  4 goliath frogs
  2 anaconda zombies (Crypt:3)
  23 cherubim (Pan)
  6 quicksilver dragon simulacra
  5 spatial maelstroms (Abyss:4)
  18 glowing orange brains
  A swamp dragon (Zig:9)
  3 mana vipers
  320 shadow demons
  2 spark wasp zombies (Hell)
  2 bunyip zombies (Crypt:2)
  13 flayed ghosts
  9 arcanists
  2 bog bodies
  2 spriggan druids
  2 orange crystal statues
  15 sea snakes
  15 ironbound convokers
  2 spectral anacondas
  A bunyip skeleton (Hell)
  11 sun moths (Pan)
  2 golden dragon zombies
  7 naga ritualists
  An orb spider (Zig:17)
  A deep troll (shapeshifter) (Vaults:1)
  A shadow dragon zombie (Hell)
  3 spriggan simulacra
  A tengu zombie (Hell)
  22 phantasmal warriors
  12 lindwurms
  An obsidian statue (Gauntlet)
  4 steelbarb worms
  12 necromancers
  631 large abominations
  16 orc knights
  27 deep elf zephyrmancers
  13 deep elf archers
  9 shining eyes
  2 oklob plants
  37 harpies
  27 deep elf pyromancers
  A harpy (shapeshifter) (Elf:3)
  5 orc sorcerers
  A shadow dragon skeleton (Zig:20)
  4 wolf spiders
  Pikel (D:7)
  A lightning spire (Zot:1)
  55 ugly things
  4 spectral ettins
  2 frost giant zombies (Hell)
  27 moths of wrath
  13 fauns
  A faun (shapeshifter) (Zig:24)
  5 worldbinders (Abyss:4)
  5 cyclopes
  15 salamanders
  A stone giant zombie (Hell)
  4 Executioner simulacra (Pan)
  5 will-o-the-wisps
  2 frost giant skeletons
  26 elephants
  2 fire giant skeletons
  14 manticores
  An iron dragon skeleton (Crypt:1)
  A meliai (Zig:22)
  2 meliai (shapeshifter)
  A stone giant skeleton (Crypt:2)
  An elephant (shapeshifter) (Vaults:5)
  A goliath frog skeleton (Crypt:3)
  6 ice statues
  2 kobold blastminers (Orc:1)
  7 merfolk sirens
  A toenail golem (Abyss:4)
  43 rust devils
  Joseph (D:7)
  4 apocalypse crabs
  31 black mambas
  3 guardian serpents
  14 vault sentinels
  5 naga zombies
  8 titan simulacra
  3 torpor snails
  6 water nymphs
  A gargoyle (D:12)
  A storm dragon simulacrum (Coc:1)
  19 naga magi
  A rime drake (shapeshifter) (Elf:1)
  10 eyes of devastation
  An alligator snapping turtle zombie (Crypt:3)
  20 cane toads
  332 orange demons
  199 hellions
  3 rime drakes
  5 molten gargoyles (Hell)
  A cane toad (shapeshifter) (D:15)
  2 shock serpent skeletons
  A bunyip simulacrum (Coc:2)
  2 komodo dragons (shapeshifter)
  Jeremiah (D:7)
  706 smoke demons
  A pale draconian zombie (Crypt:1)
  29 yaktaurs
  A golden dragon simulacrum (Coc:7)
  20 efreet
  A kobold demonologist (D:13)
  15 komodo dragons
  4 unseen horrors
  2 centaur skeletons
  182 tormentors
  6 anaconda simulacra
  14 ancient zymes
  A spectral deep troll (Tar:2)
  A purple draconian skeleton (Crypt:2)
  71 ice devils
  2 tengu conjurers
  101 red devils
  10 spectral harpies
  35 guardian mummies
  8 freezing wraiths
  Grinder (D:3)
  218 hellwings
  A queen bee (D:9)
  3 silent spectres
  6 trolls
  A bloated husk (Zig:9)
  3 harpy zombies (Crypt:3)
  27 wind drakes
  A wind drake (shapeshifter) (Depths:2)
  10 spectral nagas
  3 tyrant leeches
  18 merfolk
  4 polar bears
  6 glass eyes
  2 hydra skeletons
  47 blink frogs
  An ettin zombie (Hell)
  6 hornets
  A raiju (shapeshifter) (Depths:4)
  27 raiju (Abyss:4)
  5 harpy skeletons
  A meliai zombie (Crypt:1)
  10 snapping turtles
  4 dream sheep (Lair:5)
  An iron dragon simulacrum (Coc:3)
  A snapping turtle (shapeshifter) (Vaults:1)
  3 stone giant simulacra
  2 air elementals (Elf:3)
  2 jumping spiders (Zig:22)
  A jumping spider (shapeshifter) (Vaults:5)
  154 slime creatures
  Sigmund (D:3)
  A spriggan (Depths:3)
  An ettin skeleton (Vaults:3)
  11 water elementals
  4 vampires
  3 culicivoras
  A shadow (D:11)
  5 dire elephant simulacra
  9 ushabtiu
  3 yaks (shapeshifter)
  678 ynoxinuls
  53 yaks
  20 wraiths
  A wyvern (shapeshifter) (Vaults:5)
  8 fire elementals
  An elf zombie (Vaults:3)
  96 starcursed masses
  2 basilisks (Lair:5)
  5 wyverns
  280 neqoxecs
  12 vampire mosquitoes
  4 fire bats (Pan)
  4 wargs
  2 black mamba skeletons
  11 golden eyes
  5 redbacks
  A steam dragon (D:8)
  7 humans (D:14)
  A warg (shapeshifter) (D:9)
  2 alligator snapping turtle simulacra
  3 death yak simulacra (IceCv)
  A redback (shapeshifter) (Vaults:5)
  2 swamp worms (Gauntlet)
  17 small abominations (Abyss:4)
  11 harpy simulacra
  11 spatial vortices (Abyss:4)
  503 chaos spawn
  43 nagas
  Edmund (D:5)
  2 acid dragons (D:9)
  A cane toad zombie (Crypt:2)
  15 water moccasins
  A fire bat skeleton (Crypt:2)
  4 hydra simulacra
  The ghost of mihai the Conjurer, an amateur DECj (D:4)
  22 hell hounds
  A swamp worm (shapeshifter) (Elf:1)
  A demonspawn skeleton (Crypt:3)
  A glowing shapeshifter skeleton (Zig:20)
  2 two-headed ogre skeletons
  3 sky beasts
  A naga skeleton (Crypt:2)
  40 orc warriors
  4 ice beasts
  A black bear (D:6)
  5 ettin simulacra
  37 laughing skulls
  5 boggarts (Vaults:1)
  14 ogres
  8 wolves
  5 centaurs
  A phantom (D:7)
  3 lemures (D:7)
  2 kobold brigands
  21 bullfrogs
  A komodo dragon zombie (Crypt:1)
  2 weeping skulls (Abyss:4)
  A gnoll sergeant (D:10)
  3 necrophages
  4 brain worms (Abyss:4)
  A two-headed ogre simulacrum (IceCv)
  6 earth elementals
  4 cane toad simulacra (IceCv)
  A draconian skeleton (Crypt:3)
  A glowing shapeshifter simulacrum (Zig:20)
  A komodo dragon skeleton (Crypt:2)
  4 scorpions
  5 wights (D:8)
  8 elephant simulacra (IceCv)
  18 killer bees
  7 electric eels
  13 howler monkeys
  4 lava snakes (Lair:2)
  3 centaur zombies
  A quasit (Pan)
  3 hounds
  3 bombardier beetles
  A jelly (D:5)
  21 orc priests
  An iron imp (Pan)
  A sleepcap (D:5)
  Jessica (D:3)
  Ijyb (D:3)
  2 hell rats
  A basilisk skeleton (Crypt:3)
  4 iguanas
  14 orc wizards
  A boggart skeleton (Crypt:3)
  3 polar bear simulacra (IceCv)
  2 wolf simulacra (IceCv)
  55 mummies
  A howler monkey zombie (Crypt:1)
  Robin (D:2)
  5 gnolls (D:10)
  5 adders
  5 naga simulacra
  2 shadow imps (Pan)
  8 white imps
  4 ufetubi
  An adder skeleton (Crypt:2)
  2 ribbon worms
  67 orcs
  5 endoplasms (D:2)
  2 giant cockroaches
  10 goblins
  12 hobgoblins
  A quokka (D:4)
  10 ball pythons
  4 bats
  A frilled lizard (D:1)
  A hobgoblin zombie (D:4)
  7 kobolds
  2 kobold zombies (D:4)
  An orc zombie (D:4)
  6 rats
  2 aspiring fleshes
  A ball lightning (Pan)
  3 creeping infernos
  15 fire vortices
  4 lurking horrors
  A spectral weapon (Pan)
  26 starspawn tentacles
  3 tentacles (Shoals:3)
14376 creatures vanquished.

Vanquished Creatures (collateral kills)
  6 pandemonium lords
  A shard shrike (Zig:23)
  A royal mummy (Tomb:2)
  4 Killer Klowns
  A caustic shrike (Zig:23)
  14 golden dragons
  2 bone dragons (Tar:7)
  A Tzitzimitl (Tar:7)
  2 liches (Zig:25)
  An Ice Fiend (Zig:24)
  4 tentacled monstrosities
  2 sphinxes (shapeshifter) (Zig:15)
  7 acid blobs (Zig:27)
  An ancient champion (Zig:18)
  2 Executioners
  A thorn hunter (Zig:26)
  A shadow dragon (shapeshifter) (Zig:24)
  A draconian monk (Zig:13)
  11 nagarajas
  2 azure jellies (Zig:27)
  A draconian knight (Zig:25)
  3 protean progenitors (Zig:24)
  A fenstrider witch (shapeshifter) (Zig:15)
  A revenant (Tomb:2)
  9 fenstrider witches
  3 rockslimes (Zig:27)
  4 deep elf sorcerers (Zig:25)
  3 emperor scorpions
  A balrug (Pan)
  3 ghost moths
  5 draconian annihilators
  2 reapers
  A demonspawn blood saint (Zig:25)
  A stone giant (Zig:16)
  A draconian stormcaller (Zig:13)
  An orc warlord (Zig:16)
  5 quicksilver oozes (Zig:27)
  A broodmother (Zig:22)
  2 formless jellyfish
  3 very ugly things
  5 eleionomae
  A lorocyproca (Zig:23)
  4 deep elf annihilators (Zig:25)
  A white draconian (Zig:13)
  2 black draconians
  A bennu (Tomb:2)
  A spark wasp (Zig:17)
  A putrid mouth (Zig:23)
  A wendigo (Zig:23)
  3 bunyips (Zig:21)
  15 green deaths
  2 ettins (Zig:15)
  An ettin (shapeshifter) (Zig:15)
  A merfolk javelineer (Shoals:4)
  A mummy priest (Zig:20)
  5 shambling mangroves
  7 entropy weavers
  A hydra (Zig:21)
  A spriggan zombie (Tomb:2)
  6 salamander tyrants (Zig:19)
  2 alligators (Zig:21)
  4 jorogumos
  2 anacondas (Zig:24)
  A spriggan skeleton (Zig:20)
  2 spriggan air magi (Zig:25)
  2 catoblepae
  An ogre mage (Zig:25)
  2 radroaches
  A death scarab (Zig:20)
  A hell hog (Zig:23)
  3 naga sharpshooters (Zig:19)
  5 demonic crawlers
  4 occultists (Zig:25)
  A spriggan berserker (Zig:21)
  A vampire mage (Zig:18)
  4 orc high priests (Zig:16)
  2 hell knights (Zig:23)
  2 crystal echidnas (Zig:23)
  2 sun demons (Zig:23)
  4 soul eaters (Zig:23)
  2 salamander mystics (Zig:25)
  A goliath frog (Zig:24)
  An iron troll (Zig:16)
  5 pharaoh ants
  A mana viper (Zig:19)
  6 spriggan druids
  2 flayed ghosts (Zig:18)
  A swamp dragon (Zig:21)
  2 orb spiders
  A sun moth (Pan)
  A shadow demon (Zig:23)
  6 necromancers
  A naga ritualist (Zig:19)
  6 wolf spiders
  2 steelbarb worms
  2 orc sorcerers (Zig:16)
  A glowing shapeshifter (Zig:24)
  9 shining eyes (Zig:27)
  An ugly thing (Zig:24)
  A faun (shapeshifter) (Zig:24)
  2 will-o-the-wisps
  A meliai (Zig:17)
  8 moths of wrath
  6 apocalypse crabs
  9 naga magi
  3 guardian serpents (Zig:19)
  2 black mambas (Zig:19)
  A hellion (Zig:23)
  A torpor snail (shapeshifter) (Zig:24)
  7 torpor snails
  2 cane toads (Zig:14)
  4 tormentors (Zig:23)
  6 guardian mummies
  A troll (Zig:16)
  4 tarantellas
  2 polar bears (Zig:14)
  A merfolk (shapeshifter) (Zig:24)
  2 tyrant leeches
  3 glass eyes (Zig:27)
  6 hornets
  12 slime creatures (Zig:27)
  A glass eye (shapeshifter) (Zig:24)
  6 culicivoras
  A jumping spider (Zig:17)
  An ushabti (Zig:20)
  A ynoxinul (Pan)
  A warg (Zig:16)
  2 yaks (Zig:14)
  2 wyverns (Zig:14)
  A golden eye (shapeshifter) (Zig:15)
  A golden eye (Zig:27)
  A chaos spawn (Zig:24)
  A neqoxec (Pan)
  4 redbacks (Zig:22)
  3 nagas (Zig:19)
  A water moccasin (Zig:14)
  A hell hound (Zig:23)
  18 orc warriors (Zig:16)
  11 ogres (Zig:16)
  2 orc priests (Zig:16)
  2 orc wizards (Zig:16)
  A hell rat (Zig:23)
  10 mummies
  An aspiring flesh (Zig:24)
  4 ball lightnings (Pan)
  2 fire vortices (Pan)
436 creatures vanquished.

Vanquished Creatures (others)
  A pandemonium lord (Pan)
  A golden dragon (Zig:26)
  A Tzitzimitl (Pan)
  2 Ice Fiends (Pan)
  A sphinx (shapeshifter) (Zig:24)
  An eldritch tentacle (Pan)
  A thorn hunter (Zig:21)
  3 fenstrider witches
  2 fire giants (Geh:1)
  2 demonspawn warmongers (Pan)
  A draconian knight (Zig:25)
  A protean progenitor (Zig:24)
  A rockslime (Zig:27)
  A deep elf sorcerer (Zig:25)
  A balrug (Pan)
  A ghost moth (Zig:17)
  2 cacodemons (Pan)
  A broodmother (Zig:22)
  2 orc warlords (Zig:16)
  5 reapers
  A draconian annihilator (Zig:25)
  2 draconian stormcallers (Zig:12)
  10 demonspawn blood saints
  A very ugly thing (Zig:24)
  A demonspawn corrupter (Pan)
  A bunyip (Zig:26)
  3 lorocyprocas
  A demonspawn black sun (Pan)
  A wendigo (Coc:7)
  A black draconian (Zig:12)
  2 deep elf death magi
  4 blizzard demons (Pan)
  2 yellow draconians (Zig:13)
  2 green deaths
  A jiangshi (Zig:18)
  A shambling mangrove (Zig:21)
  An eidolon (Zig:18)
  A mummy priest (Tomb:3)
  A rakshasa (Depths:2)
  2 salamander tyrants (Zig:19)
  4 caustic shrike simulacra
  A jorogumo (Zig:22)
  A juggernaut simulacrum (Coc:7)
  2 alligators
  An ogre mage (Zig:25)
  A catoblepas (Zig:24)
  A radroach (Zig:17)
  A satyr (shapeshifter) (Zig:24)
  A two-headed ogre (shapeshifter) (Zig:24)
  2 orc high priests (Zig:16)
  A vampire mage (Zig:18)
  2 death scarabs (Tomb:3)
  2 naga sharpshooters
  2 shock serpents (Zig:19)
  2 deep elf knights
  3 sun demons
  6 soul eaters (Pan)
  2 sixfirhies (Pan)
  3 salamander mystics (Zig:25)
  A goliath frog (Zig:26)
  A shadow demon (Pan)
  2 spriggan druids (Zig:21)
  A mana viper (Zig:19)
  An arcanist (Zig:25)
  2 steelbarb worms (Zig:17)
  2 spriggan simulacra (Coc:3)
  A deep elf pyromancer (Elf:1)
  2 necromancers (Zig:25)
  A moth of wrath (Zig:17)
  4 wolf spiders
  2 meliai
  A large abomination (Pan)
  A titan simulacrum (Hell)
  4 black mambas
  2 naga magi (Zig:25)
  An apocalypse crab (Zig:24)
  7 smoke demons (Pan)
  A cane toad (Zig:14)
  4 orange demons
  2 hellions (Pan)
  5 guardian mummies (Zig:20)
  A golden dragon simulacrum (Coc:7)
  5 tormentors
  A queen bee (shapeshifter) (Zig:24)
  2 wind drakes (shapeshifter) (Zig:15)
  A hellwing (Pan)
  A bloated husk (Zig:21)
  A hornet (Zig:21)
  An iron dragon simulacrum (Coc:3)
  A snapping turtle (Shoals:4)
  A jumping spider (Zig:22)
  3 ynoxinuls (Pan)
  A water elemental (Elf:1)
  4 slime creatures (Zig:27)
  An air elemental (Elf:1)
  2 dire elephant simulacra
  2 yaks (Zig:14)
  A golden eye (Zig:27)
  A human (D:14)
  An ushabti (Tomb:2)
  A redback (Zig:17)
  A warg (Zig:16)
  A vampire mosquito (Zig:26)
  6 neqoxecs (Pan)
  9 chaos spawn
  2 water moccasins (Zig:14)
  A harpy simulacrum (Coc:7)
  3 orc warriors (Zig:16)
  A swamp drake (Zig:21)
  An ice beast (shapeshifter) (Zig:15)
  An ogre (Zig:16)
  A howler monkey (shapeshifter) (Zig:24)
  An orc priest (Vaults:5)
  8 mummies
  An orc (Orc:1)
  3 ball lightnings (Pan)
  3 creeping infernos
  22 foxfires
  2 lurking horrors (Abyss:4)
  A spectral weapon (Zig:21)
  45 starspawn tentacles
  3 tentacles (Shoals:3)
304 creatures vanquished.

Grand Total: 15116 creatures vanquished

Notes
Turn   | Place    | Note
-------+----------+-------------------------------------------
     0 | D:1      | ymhsbmbesitwf the Minotaur Fighter began the quest for the
                  | Orb.
     0 | D:1      | Reached XP level 1. HP: 19/19 MP: 0/0
   133 | D:2      | Reached skill level 1 in Dodging
   133 | D:2      | Reached XP level 2. HP: 26/27 MP: 1/1
   271 | D:1      | Reached XP level 3. HP: 33/33 MP: 2/2
   508 | D:2      | Noticed Robin
   522 | D:2      | Killed Robin
   577 | D:2      | Reached XP level 4. HP: 35/40 MP: 3/3
   629 | D:3      | Noticed Sigmund
   632 | D:3      | Noticed Grinder
   639 | D:3      | Paralysed by Grinder for 5 turns
   670 | D:3      | Killed Sigmund
   670 | D:3      | Killed Grinder
   671 | D:3      | Reached skill level 5 in Fighting
   671 | D:3      | Reached XP level 5. HP: 41/50 MP: 4/4
   671 | D:3      | Reached XP level 6. HP: 46/57 MP: 5/5
   715 | D:3      | Noticed Jessica
   717 | D:3      | Noticed Ijyb
   722 | D:3      | Killed Jessica
   727 | D:3      | Paralysed by Ijyb for 4 turns
   740 | D:3      | Killed Ijyb
   760 | D:3      | Found a sacrificial altar of Ru.
   942 | D:3      | Found Juenen's Antique Armour Emporium.
  1019 | D:4      | Found a glowing golden altar of the Shining One.
  1024 | D:4      | Became a worshipper of the Shining One
  1030 | D:4      | Reached XP level 7. HP: 63/63 MP: 6/6
  1175 | D:4      | Found a transporter.
  1233 | D:4      | Noticed mihai's ghost (amateur DECj)
  1237 | D:4      | Identified the +7 great mace of Death's Door {elec, Dex+6}
  1242 | D:4      | Found a transporter.
  1257 | D:4      | Killed mihai's ghost
  1313 | D:4      | Found a basalt altar of Yredelemnul.
  1394 | D:5      | Entered Level 5 of the Dungeon
  1565 | D:5      | Found an opulent altar of Gozag.
  1605 | D:5      | Found a hazy altar of Hepliaklqana.
  1608 | D:5      | Found a shimmering blue altar of Sif Muna.
  1696 | D:5      | Reached * piety under the Shining One
  1753 | D:5      | Noticed Edmund
  1772 | D:5      | Killed Edmund
  1773 | D:5      | Reached XP level 8. HP: 61/73 MP: 7/7
  1894 | D:5      | Found Cajoll's Armour Boutique.
  1950 | D:5      | Found a glowing silver altar of Zin.
  1959 | D:5      | Reached skill level 10 in Axes
  2354 | D:6      | Reached XP level 9. HP: 82/82 MP: 8/8
  2599 | D:7      | Noticed Joseph
  2608 | D:7      | Killed Joseph
  2660 | D:7      | Found a staircase to the Ecumenical Temple.
  2667 | Temple   | Entered the Ecumenical Temple
  2710 | D:7      | Found a snail-covered altar of Cheibriados.
  2714 | D:7      | Noticed Pikel
  2718 | D:7      | Noticed Jeremiah
  2724 | D:7      | Killed Pikel
  2741 | D:7      | Killed Jeremiah
  2742 | D:7      | Reached skill level 5 in Armour
  2742 | D:7      | Reached skill level 5 in Shields
  2816 | D:7      | Reached XP level 10. HP: 45/91 MP: 9/9
  3012 | D:8      | Reached ** piety under the Shining One
  3057 | D:8      | Reached skill level 10 in Fighting
  3142 | D:8      | Reached skill level 15 in Axes
  3278 | D:8      | Found a stormy altar of Qazlal.
  3371 | D:9      | Noticed a two-headed ogre
  3862 | D:9      | Noticed a boulder beetle
  3862 | D:9      | Reached *** piety under the Shining One
  3865 | D:9      | Noticed a two-headed ogre
  3874 | D:9      | Noticed a skeletal warrior
  3875 | D:9      | Noticed a boulder beetle
  3877 | D:9      | Killed a two-headed ogre
  3878 | D:9      | Reached XP level 11. HP: 96/99 MP: 10/10
  3879 | D:9      | Noticed a five-headed hydra
  3898 | D:9      | Killed a six-headed hydra
  3910 | D:9      | Killed a skeletal warrior
  3921 | D:9      | The Shining One protects you from harm!
  3923 | D:9      | Killed a boulder beetle
  3929 | D:9      | Identified the +5 broad axe of Intimidation {antimagic,
                  | rF++ rC+ Str-3 Int+4}
  4186 | D:9      | Killed a two-headed ogre
  4238 | D:9      | Found Veqaseka's Magic Scroll Shop.
  4241 | D:9      | Bought a scroll of teleportation for 36 gold pieces
  4241 | D:9      | Bought a scroll of noise for 12 gold pieces
  4277 | D:10     | Entered Level 10 of the Dungeon
  4487 | D:10     | Found a staircase to the Lair.
  4490 | D:10     | Noticed an oklob plant
  4497 | D:10     | Killed an oklob plant
  4502 | Lair:1   | Entered Level 1 of the Lair of Beasts
  4511 | Lair:1   | Noticed a death yak
  4512 | Lair:1   | Noticed a death yak
  4517 | Lair:1   | Killed a death yak
  4524 | Lair:1   | Killed a death yak
  4625 | Lair:1   | Reached skill level 5 in Dodging
  4850 | Lair:1   | Reached XP level 12. HP: 54/112 MP: 3/11
  5012 | Lair:4   | Found a staircase to the Slime Pits.
  5014 | Lair:4   | Found a viscous altar of Jiyva.
  5044 | Lair:5   | Entered Level 5 of the Lair of Beasts
  5450 | Lair:5   | Reached skill level 15 in Fighting
  5480 | Lair:5   | Noticed a catoblepas
  5490 | Lair:5   | Killed a catoblepas
  5529 | Lair:5   | Reached **** piety under the Shining One
  5636 | Lair:5   | Reached XP level 13. HP: 52/132 MP: 4/12
  6227 | Lair:5   | Identified the amulet of the Hecatoncheires {Faith rPois
                  | rF- Dex+6}
  6229 | Lair:5   | Got an earthy gem with 2096 turns to spare
  6251 | Lair:5   | Reached ***** piety under the Shining One
  6399 | Lair:5   | Identified the staff "Testudine's Doom" {rElec rF+ rC+
                  | Str-4 Int+6 Fire}
  7510 | Lair:4   | Reached XP level 14. HP: 143/143 MP: 4/13
  8247 | Lair:3   | Found a staircase to the Shoals.
  9319 | Lair:2   | Found a staircase to the Snake Pit.
 10043 | D:9      | Reached skill level 10 in Armour
 10063 | D:9      | Reached skill level 10 in Shields
 10138 | D:9      | Found a runed translucent door.
 10138 | D:9      | Found a runed translucent door.
 10148 | D:9      | Identified the +1 leather armour of Anaesthesia {-Tele
                  | Will+ Int+3}
 11208 | D:12     | Found a frozen archway.
 11217 | IceCv    | Entered an ice cave
 11253 | IceCv    | Reached ****** piety under the Shining One
 11386 | IceCv    | Found an ancient bone altar of Kikubaaqudgha.
 11818 | D:12     | Found a staircase to the Orcish Mines.
 11832 | D:12     | Reached skill level 1 in Invocations
 11832 | D:12     | Reached XP level 15. HP: 108/152 MP: 4/14
 11842 | Orc:1    | Entered Level 1 of the Orcish Mines
 12232 | Orc:2    | Entered Level 2 of the Orcish Mines
 12304 | Orc:2    | Found a staircase to the Elven Halls.
 12752 | Orc:2    | Found Nituvv Vapp's General Store.
 12752 | Orc:2    | Found Cuasoax's Weapon Shoppe.
 12753 | Orc:2    | Found Kyklokae's Antique Weapon Emporium.
 12753 | Orc:2    | Found Sopp's Magic Scroll Shoppe.
 12801 | Orc:2    | Bought a potion of mutation for 96 gold pieces
 13144 | Orc:1    | Paralysed by an orc sorcerer for 2 turns
 13638 | D:13     | Found a runed translucent gate.
 13639 | D:13     | Noticed PanSaczeczos's ghost (journeyman SpEn)
 13639 | D:13     | Found a runed translucent gate.
 13642 | D:13     | Found a gate leading to a gauntlet.
 13647 | Gauntlet | Entered a Gauntlet
 13647 | Gauntlet | Found a transporter.
 13647 | Gauntlet | Found a transporter.
 13651 | Gauntlet | Found a transporter.
 13660 | Gauntlet | Found a transporter.
 13677 | Gauntlet | Found a transporter.
 13687 | Gauntlet | Found a transporter.
 13687 | Gauntlet | Found a transporter.
 13711 | Gauntlet | Found a transporter.
 13718 | Gauntlet | Found a transporter.
 13730 | Gauntlet | Found a transporter.
 13739 | Gauntlet | Found a transporter.
 13766 | Gauntlet | Found a transporter.
 13781 | Gauntlet | Found a transporter.
 13807 | Gauntlet | Found a transporter.
 13899 | Gauntlet | Found a transporter.
 13921 | Gauntlet | Found a transporter.
 14095 | Gauntlet | Identified the amulet "Wotahom" {Reflect rN+ SH+5}
 14165 | Gauntlet | Reached skill level 10 in Dodging
 14305 | Gauntlet | Identified the ring of Vykengof {rC+ rN+ MP-9 Str+5 Slay+4}
 14455 | D:15     | Entered Level 15 of the Dungeon
 14597 | D:15     | Found a staircase to the Depths.
 14607 | D:15     | Got a smoky gem with 2892 turns to spare
 14627 | D:15     | Identified the ring of the Lumpy Ziggurats {Ice Int+3
                  | Stlth+}
 14629 | D:15     | Identified the +4 trident of Wuupuoz {flame, rPois}
 14704 | D:15     | Noticed Azrael
 14714 | D:15     | Killed Azrael
 15235 | D:14     | Found Tetsacy's Armour Emporium.
 15278 | D:14     | Bought a +0 pair of gloves of infusion for 184 gold pieces
 15450 | D:14     | Reached skill level 5 in Invocations
 15505 | D:14     | Found a gate to the Vaults.
 16276 | D:13     | Reached XP level 16. HP: 153/162 MP: 2/18
 16627 | D:13     | Found a runed translucent gate.
 16631 | D:13     | Identified the +1 scimitar "Vethoqye" {vamp, Fly Int+4}
 16631 | D:13     | Identified the +11 plate armour "Litty" {Int+3}
 16839 | D:13     | Killed PanSaczeczos's ghost
 16928 | D:13     | Identified the +1 pair of boots "Suiluj" {Str+6}
 17403 | D:12     | Found Enurati's Armour Shop.
 19385 | D:7      | Identified a scroll of acquirement
 19386 | D:7      | Acquired a manual of Stealth
 19496 | D:7      | Identified the +11 long sword of Lonuget {drain, Int+2}
 21466 | Shoals:1 | Entered Level 1 of the Shoals
 21480 | Shoals:2 | Identified the serpent talisman of the Gate {rF- rCorr
                  | Int+3}
 21480 | Shoals:2 | Noticed Aizul
 21540 | Shoals:2 | Found Dadditut's Antique Armour Emporium.
 21559 | Shoals:2 | Noticed Ilsuiw
 21572 | Shoals:2 | Killed Ilsuiw
 21715 | Shoals:3 | Reached skill level 15 in Shields
 21781 | Shoals:3 | Noticed a kraken
 21793 | Shoals:3 | Killed a kraken
 21947 | Shoals:4 | Entered Level 4 of the Shoals
 22176 | Shoals:4 | Reached XP level 17. HP: 149/170 MP: 0/22
 22311 | Shoals:4 | Got a barnacled rune of Zot
 22315 | Shoals:4 | Got an azure gem with 957 turns to spare
 22676 | Shoals:4 | Identified the staff "Muoja" {rN+ Str+2 Hexes Summ Necro}
 23451 | Shoals:4 | Identified the +5 great sword of Articulation {drain, *Rage
                  | rN+ Str+2 Dex+3}
 24442 | Shoals:2 | Killed Aizul
 24579 | Shoals:2 | Reached skill level 10 in Invocations
 24814 | Shoals:2 | Found Woururow's General Store.
 25651 | Shoals:2 | Bought a scroll of identify for 26 gold pieces
 25651 | Shoals:2 | Bought a scroll of fog for 52 gold pieces
 26228 | Shoals:1 | Found Memah's Merry Market.
 26236 | Shoals:1 | Bought the ring of Wyazohed {rElec MP+9 Dex+4} for 508 gold
                  | pieces
 26236 | Shoals:1 | Bought a potion of mutation for 96 gold pieces
 26236 | Shoals:1 | Bought a wand of mindburst (4) for 67 gold pieces
 26443 | Lair:3   | Gained mutation: You occasionally shout uncontrollably at
                  | your foes. [potion of mutation]
 26443 | Lair:3   | Gained mutation: You have hidden genetic potential. [potion
                  | of mutation]
 26443 | Lair:3   | Gained mutation: You are strong-willed. (Will+) [potion of
                  | mutation]
 26610 | Elf:1    | Entered Level 1 of the Elven Halls
 26730 | Elf:2    | Found Piafiz's Weapon Emporium.
 26811 | Elf:2    | Reached XP level 18. HP: 170/178 MP: 0/25
 26835 | Elf:2    | Found Zeam Qyi's Book Boutique.
 26844 | Elf:2    | Bought a manual of Fighting for 1360 gold pieces
 26857 | Elf:2    | Noticed Zenata
 26890 | Elf:2    | Found Xitij's Antique Armour Shop.
 27317 | Elf:1    | Found a transporter.
 27319 | Elf:1    | Found Luppint's Weapon Boutique.
 27394 | Elf:2    | Killed Zenata
 27407 | Elf:3    | Entered Level 3 of the Elven Halls
 27708 | Elf:3    | Noticed a Tzitzimitl
 27709 | Elf:3    | Was placed under penance by the Shining One
 27751 | Elf:3    | Noticed a Tzitzimitl
 27792 | Elf:3    | Identified the +3 falchion "Qissacro" {venom, rPois}
 27824 | Elf:3    | Identified the +5 flail of True Grit {pain, rF+ rC+ Int-4
                  | Stlth+}
 27827 | Elf:3    | Identified the ring of Ru's Hope {Ice rPois}
 27870 | Elf:3    | Got a shimmering gem with 617 turns to spare
 28081 | Elf:3    | Got Gozace's Teachings on Brumal Malediction
 28084 | Elf:3    | Identified the staff of Peril {rElec rCorr Stlth+ Tloc
                  | Earth}
 28090 | Elf:3    | Identified the staff of Uttupaz {rElec rPois Alchemy}
 28102 | Elf:3    | Identified the staff of Valour {rPois rF+ SInv Conj}
 28213 | Elf:3    | Identified the +1 cloak of Osav Kou {rC+}
 28221 | Elf:3    | Identified the +5 spear of Eliuchef {elec, rF+ Dex+3}
 28222 | Elf:3    | Identified the staff of the Toadstool {^Drain rPois Will+
                  | Ice Alchemy}
 28667 | Elf:3    | Found Osiagac's Neck Hole.
 28672 | Elf:3    | Bought the +1 cloak of a ziggurat {Regen+ rCorr} for 331
                  | gold pieces
 28833 | Elf:3    | Was forgiven by the Shining One
 29171 | Elf:2    | Gained mutation: Your flesh is heat resistant. (rF+)
                  | [hidden potential]
 29664 | Elf:2    | Reached skill level 15 in Armour
 29739 | Elf:2    | Found a huge runed translucent gate.
 29741 | Elf:2    | Found a huge runed translucent gate.
 29745 | Elf:2    | Found a huge runed translucent gate.
 29746 | Elf:2    | Found a huge runed translucent gate.
 29746 | Elf:2    | Found a huge runed translucent gate.
 29966 | Elf:1    | Found a transporter.
 30060 | Elf:1    | Reached skill level 1 in Throwing
 30863 | Elf:1    | Reached XP level 19. HP: 191/191 MP: 6/27
 30892 | Elf:1    | Got Ihecak's Atlas of Earth
 30900 | Elf:1    | Got Riotushria's Papyrus of Anemomancy
 30912 | Elf:1    | Got the Codex of Conflagration
 30919 | Elf:1    | Got the Cyclopedia of Rime
 31341 | Elf:2    | Noticed Jorgrun
 31353 | Elf:2    | Killed Jorgrun
 31847 | Snake:1  | Entered Level 1 of the Snake Pit
 31874 | Snake:1  | Found Xyen's Book Shop.
 32152 | Snake:2  | You fall into a shaft and drop 1 floor!
 32222 | Snake:4  | Entered Level 4 of the Snake Pit
 32326 | Snake:4  | Noticed Agnes
 32340 | Snake:4  | Killed Agnes
 32474 | Snake:4  | Got a jade gem with 1829 turns to spare
 32536 | Snake:4  | Reached skill level 5 in Throwing
 32649 | Snake:4  | Gained mutation: Your flesh is very heat resistant. (rF++)
                  | [hidden potential]
 32649 | Snake:4  | Lost mutation: You have hidden genetic potential. [hidden
                  | potential expressed]
 32877 | Snake:2  | Found Ecahes's Antique Armour Shoppe.
 32877 | Snake:2  | Found Riowes's Book Emporium.
 32878 | Snake:2  | Found Vowij's Antique Armour Emporium.
 32880 | Snake:2  | Found Ufijeveh's Antique Armour Shoppe.
 33152 | D:5      | Identified a +2 broad axe of holy wrath (a +0 broad axe
                  | blessed by the Shining One)
 33152 | D:5      | Received a gift from the Shining One
 33153 | D:5      | Fell from the grace of the Shining One
 33153 | D:5      | Became a worshipper of Zin the Law-Giver
 33153 | D:5      | Reached * piety under Zin
 33153 | D:5      | Reached ** piety under Zin
 33153 | D:5      | Reached *** piety under Zin
 33153 | D:5      | Reached **** piety under Zin
 33153 | D:5      | Reached ***** piety under Zin
 33255 | D:8      | You fall into a shaft and drop 1 floor!
 34076 | Snake:2  | Reached skill level 1 in Stealth
 35912 | Snake:3  | Identified the +2 ring mail of Indomitability {rC++ Dex+3}
 36460 | Snake:4  | Reached XP level 20. HP: 193/204 MP: 13/29
 36647 | Snake:4  | Got a serpentine rune of Zot
 37127 | Vaults:1 | Entered Level 1 of the Vaults
 37201 | Vaults:1 | Found the +27 heavy crossbow "Sniper" {heavy, Acc+∞ SInv}
 37270 | Vaults:1 | Reached skill level 5 in Stealth
 37292 | Vaults:1 | You fall into a shaft and drop 1 floor!
 37353 | Vaults:2 | Found a staircase to the Crypt.
 37434 | Vaults:2 | Paralysed by a formless jellyfish for 1 turns
 37625 | Vaults:2 | Found Eghygu Dula's Weapon Emporium.
 37641 | Vaults:2 | Found Douzelikk's Assorted Antiques.
 38057 | Vaults:4 | Identified the orb "Daplyci" {light, ^Drain Int+4 Stlth+
                  | Earth}
 38057 | Vaults:4 | Noticed Frederick
 38074 | Vaults:4 | Killed Frederick
 38389 | Vaults:5 | Entered Level 5 of the Vaults
 38398 | Vaults:5 | Reached XP level 21. HP: 215/215 MP: 0/31
 38429 | Vaults:5 | Reached skill level 15 in Invocations
 38499 | Vaults:5 | Got a shining gem with 2485 turns to spare
 38512 | Vaults:5 | Reached skill level 10 in Stealth
 38606 | Vaults:5 | Identified the +2 quarterstaff "Imit Jao" {venom, rN+
                  | rCorr}
 38644 | Vaults:5 | Identified the +6 glaive "Foijaudgh" {heavy, rN+}
 38665 | Vaults:5 | Reached ****** piety under Zin
 38681 | Vaults:5 | Noticed a golden dragon
 38689 | Vaults:5 | Killed a golden dragon
 38915 | Vaults:5 | Identified the +10 quarterstaff of the Amorous God {spect,
                  | *Rage rPois rF- rN+++}
 38917 | Vaults:5 | Got a silver rune of Zot
 39068 | Vaults:5 | Noticed a golden dragon
 39078 | Vaults:5 | Killed a golden dragon
 39510 | Vaults:5 | Identified the +3 scale mail of Eternal Vigilance {Dex+4}
 39513 | Vaults:5 | Identified the +0 cloak "Seitomuq" {-Tele rC+++ Str+2
                  | Stlth+}
 39527 | Vaults:5 | Got the Directory of the Destined Xenolith
 39529 | Vaults:5 | Identified the ring "Jucsu" {*Slow rElec rPois rF+ Int+3}
 40227 | Vaults:4 | Reached XP level 22. HP: 226/226 MP: 17/33
 41741 | Vaults:3 | Found Gozag's Antique Armour Boutique.
 41746 | Vaults:3 | Found an opulent altar of Gozag.
 41746 | Vaults:3 | Found Gozag's Antique Weapon Shop.
 41750 | Vaults:3 | Found Gozag's Antique Armour Boutique.
 42377 | Vaults:2 | Bought an emerald ring for 160 gold pieces
 42377 | Vaults:2 | Bought a scroll of fear for 128 gold pieces
 42377 | Vaults:2 | Bought a potion of resistance for 320 gold pieces
 43374 | Vaults:1 | Got Pasacruu's Omnibus of Phantasmal Wicked Words
 44057 | Vaults:1 | Found Vuilurchi's Book Shop.
 45327 | Snake:2  | Bought pitted gold dragon scales for 2890 gold pieces
 45327 | Snake:2  | Identified the +12 gold dragon scales "Zacuh" {rElec rPois
                  | rF+ rC+ MP+9} (You bought it in a shop on level 2 of the
                  | Snake Pit)
 45498 | Slime:1  | Entered Level 1 of the Pits of Slime
 45587 | Slime:5  | Entered Level 5 of the Pits of Slime
 45619 | Slime:5  | Noticed the Royal Jelly
 45638 | Slime:5  | Killed the Royal Jelly
 45650 | Slime:5  | Noticed Dissolution
 45656 | Slime:5  | Found the +5 demon whip "Spellbinder" {antimagic, disrupt,
                  | Will+}
 45671 | Slime:5  | Killed Dissolution
 45700 | Slime:5  | Got a starry gem with 434 turns to spare
 45702 | Slime:5  | Got a slimy rune of Zot
 46052 | Slime:5  | Identified the +11 glaive of Generosity {elec, rElec}
 46056 | Slime:5  | Identified the +1 orcbow of Veiroyg {antimagic, Str+3
                  | Int+2}
 46071 | Slime:5  | Got the Octavo of Metal
 46104 | Slime:5  | Identified the +5 arbalest "Vaudoleu" {freeze, rN++ rCorr}
 46272 | Slime:5  | Reached skill level 15 in Stealth
 46925 | Slime:4  | Reached XP level 23. HP: 234/234 MP: 31/34
 47123 | Slime:4  | Reached skill level 1 in Evocations
 47209 | Slime:4  | Gained mutation: You are weak. (Str -2) [mutagenic glow]
 49643 | Crypt:1  | Entered Level 1 of the Crypt
 49777 | Crypt:3  | Entered Level 3 of the Crypt
 50042 | Crypt:3  | Found a basalt altar of Yredelemnul.
 50065 | Crypt:3  | Noticed Jory
 50077 | Crypt:3  | Killed Jory
 50086 | Crypt:3  | Got an ivory gem with 1407 turns to spare
 50217 | Crypt:3  | Identified the ring of Peace {*Slow Fly rElec rN+ rCorr
                  | SInv}
 50217 | Crypt:3  | Identified the ring of Seno Vud {rC+ rN+ Str+2}
 50234 | Crypt:3  | Identified the ring "Piek" {Will+ rCorr Int+2}
 50387 | Crypt:3  | Identified the +0 chain mail of Circular Logic {^Contam
                  | Int+3 Dex+6 SInv}
 50669 | Crypt:3  | Found a staircase to the Tomb.
 51250 | Crypt:3  | Reached skill level 5 in Evocations
 51372 | Crypt:3  | Got Kikubaaqudgha's Textbook on Shades
 51505 | Crypt:2  | Reached skill level 10 in Throwing
 51706 | Crypt:2  | Reached XP level 24. HP: 230/243 MP: 21/34
 53305 | Depths:1 | Entered Level 1 of the Depths
 53355 | Depths:1 | Found a magical portal.
 53364 | WizLab   | Entered Lehudib's Moon Base
 53392 | WizLab   | Found a transporter.
 54187 | WizLab   | Found a transporter.
 54198 | WizLab   | Identified the +0 plate armour of the Exceptional God
                  | {Rampage rPois rC+ Regen+}
 54758 | WizLab   | Identified the +1 troll leather armour "Jiyhuz" {Harm
                  | *Corrode Regen+ Dex+4}
 54760 | WizLab   | Paralysed by accursed screaming for 2 turns
 54905 | WizLab   | Got Yheclam's Codex of the Sixfirhy
 54937 | WizLab   | Got Lehudib's Quarto of the Puissant Rocks
 55062 | Depths:2 | Identified the +0 hat "Hemy" {-Cast +Inv Will+ Str-2 Dex+7}
 55170 | Depths:3 | Found a corrupted altar of Lugonu.
 55171 | Depths:3 | Found a one-way gate to the infinite horrors of the Abyss.
 55198 | Depths:4 | Entered Level 4 of the Depths
 55201 | Depths:4 | Found a gateway to Hell.
 55223 | Depths:4 | Found a one-way gate leading to the halls of Pandemonium.
 55251 | Depths:4 | Noticed an ancient lich
 55331 | Depths:4 | Found a gate to the Realm of Zot.
 55339 | Depths:4 | Killed an ancient lich
 55345 | Abyss:4  | Cast into level 4 of the Abyss (black draconian knight)
 55481 | Abyss:4  | Found a corrupted altar of Lugonu.
 55539 | Depths:4 | Escaped the Abyss
 55616 | Depths:4 | Got a midnight gem with 2545 turns to spare
 56047 | Depths:4 | Reached XP level 25. HP: 185/250 MP: 31/35
 56264 | Depths:4 | Identified the +4 dagger of the Shallot {freeze, Int+2}
 56298 | Depths:4 | Noticed a juggernaut
 56310 | Depths:4 | Killed a juggernaut
 56526 | Depths:4 | Found the +6 lightning scales {swift, rElec}
 57030 | Depths:3 | Found a one-way gateway to a ziggurat.
 57998 | Depths:3 | Got the Excursus on the Glacial Catacomb
 58035 | Depths:3 | Noticed a juggernaut
 58043 | Depths:3 | Killed a juggernaut
 58780 | Depths:3 | Voluntarily entered the Abyss.
 58796 | Abyss:4  | Found a corrupted altar of Lugonu.
 58880 | Abyss:4  | Found a corrupted altar of Lugonu.
 58936 | Abyss:4  | Found a shimmering altar of Xom.
 58961 | Abyss:4  | Got an abyssal rune of Zot
 58980 | Depths:3 | Escaped the Abyss
 59212 | Depths:2 | Reached skill level 1 in Maces & Flails
 59368 | Depths:2 | Found a runed translucent gate.
 59368 | Depths:2 | Found a runed translucent gate.
 59368 | Depths:2 | Found a runed translucent gate.
 59384 | Depths:2 | Found the +2 cloak of the Thief {*Fog Slay-2 SInv Stlth+}
 59388 | Depths:2 | Identified the +5 ring mail "Qiwiehuz" {Harm Int+5}
 59885 | Depths:2 | Found a shimmering blue altar of Sif Muna.
 59993 | Depths:2 | Found a runed translucent gate.
 59993 | Depths:2 | Found a runed translucent gate.
 59993 | Depths:2 | Found a runed translucent gate.
 60011 | Depths:2 | Reached skill level 5 in Maces & Flails
 60154 | Depths:2 | Identified the +0 ring mail of Juinenam {Str+3}
 60312 | Depths:1 | Reached XP level 26. HP: 227/259 MP: 0/35
 60605 | Depths:1 | Found a hide-covered altar of Uskayaw.
 61085 | Pan      | Entered Pandemonium
 61112 | Pan      | Noticed Yruts the pandemonium lord
 61129 | Pan      | Killed Yruts the pandemonium lord
 62111 | Pan      | Reached skill level 10 in Maces & Flails
 62324 | Pan      | Found a runed translucent door.
 62335 | Pan      | Found a runed translucent door.
 62345 | Pan      | Found a runed translucent door.
 62346 | Pan      | Found a runed translucent door.
 63222 | Pan      | Noticed Zeoguwn the pandemonium lord
 63227 | Pan      | Killed Zeoguwn the pandemonium lord
 63314 | Pan      | Reached skill level 10 in Evocations
 63343 | Pan      | Noticed Siziakhle the pandemonium lord
 63423 | Pan      | Killed Siziakhle the pandemonium lord
 63618 | Pan      | Got a demonic rune of Zot
 63622 | Pan      | Identified the +0 ring mail of the Carpenter {+Blink rF+
                  | rC+}
 63634 | Pan      | Found an exit through the horrors of the Abyss.
 64308 | Pan      | Found an exit through the horrors of the Abyss.
 64344 | Pan      | Noticed Wimiogoth the pandemonium lord
 64355 | Pan      | Reached skill level 15 in Maces & Flails
 64362 | Pan      | Killed Wimiogoth the pandemonium lord
 65016 | Pan      | Noticed Denieg the pandemonium lord
 65023 | Pan      | Killed Denieg the pandemonium lord
 65479 | Pan      | Reached XP level 27. HP: 266/266 MP: 33/35
 66662 | Pan      | Noticed Rapyv the pandemonium lord
 66684 | Pan      | Killed Rapyv the pandemonium lord
 68000 | Pan      | Found an exit through the horrors of the Abyss.
 68329 | Pan      | Noticed Canum the pandemonium lord
 68339 | Pan      | Killed Canum the pandemonium lord
 68340 | Pan      | Reached skill level 1 in Spellcasting
 68396 | Pan      | Identified the +0 robe of the Blind Marksman {rPois rN+
                  | Str+3 Stlth-}
 68858 | Pan      | Found an exit through the horrors of the Abyss.
 69021 | Pan      | Found a huge runed translucent gate.
 69022 | Pan      | Found a huge runed translucent gate.
 69023 | Pan      | Found a huge runed translucent gate.
 69025 | Pan      | Found a huge runed translucent gate.
 69026 | Pan      | Found a huge runed translucent gate.
 69027 | Pan      | Found a huge runed translucent gate.
 69032 | Pan      | Found a huge runed translucent gate.
 69061 | Pan      | Noticed Jaziur the pandemonium lord
 69064 | Pan      | Killed Jaziur the pandemonium lord
 70335 | Pan      | Found a transporter.
 70397 | Pan      | Acquired the +3 pair of gloves of the Dungeon {rCorr Dex+2}
 70784 | Pan      | Found an exit through the horrors of the Abyss.
 71268 | Pan      | Identified the ring of Fockiume {Wiz rN+ Will+}
 71315 | Pan      | Found a transporter.
 71323 | Pan      | Identified the ring of Kiframm {rPois Str-4 Dex+4}
 71337 | Pan      | Identified the ring "Egautayb" {Ice rN+ Int-5 Dex+4 Stlth+}
 71401 | Pan      | Reached skill level 1 in Shapeshifting
 71406 | Pan      | Noticed Cojett the pandemonium lord
 71420 | Pan      | Killed Cojett the pandemonium lord
 71874 | Pan      | Found a runed translucent door.
 72579 | Pan      | Noticed Gothan the pandemonium lord
 72592 | Pan      | Killed Gothan the pandemonium lord
 72858 | Pan      | Identified the +3 leather armour "Ijow Pesti" {rN+ Will-
                  | Int+3}
 73702 | Pan      | Noticed Qiutuuku the pandemonium lord
 73712 | Pan      | Killed Qiutuuku the pandemonium lord
 74070 | Pan      | Found an exit through the horrors of the Abyss.
 74950 | Pan      | Noticed Kafakkan the pandemonium lord
 74955 | Pan      | Killed Kafakkan the pandemonium lord
 74998 | Pan      | Entered the realm of Lom Lobon.
 75014 | Pan      | Noticed Mennas
 75031 | Pan      | Killed Mennas
 75802 | Pan      | Noticed Lom Lobon
 75824 | Pan      | Killed Lom Lobon
 75869 | Pan      | Got a magical rune of Zot
 76079 | Pan      | Acquired a manual of Ranged Weapons
 76106 | Pan      | Noticed Epay the pandemonium lord
 76123 | Pan      | Killed Epay the pandemonium lord
 76739 | Pan      | Upgraded the game from 0.31.0-11-ge490571c62 to
                  | 0.31.0-12-g77e489cdc1
 76977 | Pan      | Noticed Uziosh the pandemonium lord
 76993 | Pan      | Killed Uziosh the pandemonium lord
 77075 | Pan      | Identified the +11 flail of Calculation {protect, rPois
                  | Will+ SInv}
 77162 | Pan      | Entered the realm of Cerebov.
 77174 | Pan      | Found the +6 sword of Cerebov {flame}
 77174 | Pan      | Noticed Cerebov
 77189 | Pan      | Killed Cerebov
 77257 | Pan      | Identified the +1 halberd of Utroec {flame, ^Contam Str+4}
 77260 | Pan      | Identified the +1 war axe of the Vestibule of Hell {venom,
                  | *Slow rElec SInv}
 77278 | Pan      | Got the Lectures on Force and the Zephyr
 77420 | Pan      | Got Gaemn's Enchiridion on Fog and Curses
 77426 | Pan      | Identified the +4 arbalest of the Living Dead {drain, rElec
                  | rF- rCorr}
 78332 | Pan      | Got a fiery rune of Zot
 78388 | Pan      | Entered the realm of Mnoleg.
 78496 | Pan      | Reached skill level 15 in Dodging
 78510 | Pan      | Noticed Mnoleg
 78528 | Pan      | Killed Mnoleg
 78648 | Pan      | Reached skill level 5 in Shapeshifting
 78675 | Pan      | Got a glowing rune of Zot
 79032 | Pan      | Identified the +0 battleaxe "Vatir" {holy, rCorr}
 79484 | Pan      | Noticed Quepreg the pandemonium lord
 79498 | Pan      | Killed Quepreg the pandemonium lord
 79605 | Pan      | Found an exit through the horrors of the Abyss.
 79658 | Pan      | Identified the +9 long sword "Giyzitom" {freeze, rN+ Int+2}
 80529 | Pan      | Found an exit through the horrors of the Abyss.
 80678 | Pan      | Noticed Rimoiz Kyu the pandemonium lord
 80700 | Pan      | Killed Rimoiz Kyu the pandemonium lord
 80899 | Pan      | Noticed Ovvur the pandemonium lord
 80904 | Pan      | Killed Ovvur the pandemonium lord
 81299 | Pan      | Found an exit through the horrors of the Abyss.
 81540 | Pan      | Entered the realm of Gloorx Vloq.
 81915 | Pan      | Found an exit through the horrors of the Abyss.
 82258 | Pan      | Noticed Gloorx Vloq
 82277 | Pan      | Killed Gloorx Vloq
 82693 | Pan      | Got a dark rune of Zot
 83011 | Pan      | Found an exit through the horrors of the Abyss.
 83141 | Pan      | Noticed Xeugetzi the pandemonium lord
 83151 | Pan      | Reached skill level 1 in Necromancy
 83153 | Pan      | Killed Xeugetzi the pandemonium lord
 83154 | Pan      | Reached skill level 5 in Spellcasting
 83565 | Pan      | Identified the +0 robe of the Lute {rC+ Archmagi}
 83749 | Pan      | Noticed Eloa the pandemonium lord
 83757 | Pan      | Killed Eloa the pandemonium lord
 83851 | Pan      | Found an exit through the horrors of the Abyss.
 84702 | Pan      | Found an exit through the horrors of the Abyss.
 84790 | Pan      | Noticed Jinuv the pandemonium lord
 84808 | Pan      | Killed Jinuv the pandemonium lord
 85827 | Pan      | Identified the staff "Beastslayer" {Fly rN+ Conj Necro
                  | Earth}
 86179 | Pan      | Found an exit through the horrors of the Abyss.
 87500 | Pan      | Found a white marble altar of Elyvilon.
 87702 | Pan      | Reached skill level 5 in Necromancy
 87948 | Pan      | Reached skill level 15 in Throwing
 88097 | Pan      | Identified the +8 tower shield of the Sun {+Blink SInv}
 88104 | Pan      | Identified the +1 tower shield of the Arena {*Slow rPois
                  | Str+5 Dex+3}
 88148 | Pan      | Found a glowing silver altar of Zin.
 88982 | Pan      | Noticed a seraph
 88993 | Pan      | Identified the +3 tower shield "Cycroy" {Will+}
 89001 | Pan      | Killed a seraph
 89024 | Pan      | Identified the +1 acid dragon scales "Buukom" {rPois rCorr}
 89024 | Pan      | Identified the ring of Cheibriados's Favour {rN+ Str+6
                  | Int+3}
 89042 | Pan      | Found a glowing golden altar of the Shining One.
 89061 | Pan      | Identified the +0 buckler of Death's Door {Harm rC- Will-
                  | Slay+5}
 89075 | Pan      | Identified the +4 morningstar "Azaw" {protect, rF+ Str-4
                  | Dex+2}
 89079 | Pan      | Identified the +0 scale mail of Experimentation {Regen+}
 89322 | Pan      | Noticed Posal the pandemonium lord
 89331 | Pan      | Killed Posal the pandemonium lord
 89875 | Pan      | Found an exit through the horrors of the Abyss.
 90626 | Pan      | Found an exit through the horrors of the Abyss.
 90721 | Pan      | Noticed Venompes the pandemonium lord
 90735 | Pan      | Killed Venompes the pandemonium lord
 91461 | Pan      | Found an exit through the horrors of the Abyss.
 91697 | Pan      | Identified the ring "Kozidi Mang" {AC+4 Dex+3 Stlth+}
 91707 | Pan      | Noticed Vemnagala the pandemonium lord
 91717 | Pan      | Killed Vemnagala the pandemonium lord
 92039 | Pan      | Identified the +0 ring mail of Jaddicli {rPois rF+ SInv}
 92301 | Pan      | Found an exit through the horrors of the Abyss.
 92389 | Pan      | Found a huge runed translucent gate.
 92506 | Pan      | Identified the +8 battleaxe "Ubboyw" {flame, Fly rC+ Str-3
                  | Stlth+}
 92804 | Pan      | Found a huge runed translucent gate.
 92805 | Pan      | Found a huge runed translucent gate.
 92805 | Pan      | Found a huge runed translucent gate.
 92805 | Pan      | Found a huge runed translucent gate.
 92805 | Pan      | Found a huge runed translucent gate.
 92805 | Pan      | Found a huge runed translucent gate.
 92811 | Pan      | Noticed Naonos the pandemonium lord
 92820 | Pan      | Killed Naonos the pandemonium lord
 92866 | Pan      | Noticed Hoircha the pandemonium lord
 92880 | Pan      | Killed Hoircha the pandemonium lord
 93381 | Pan      | Identified the +2 flail "Sojokug" {venom, *Noise Will+++
                  | Int+7}
 93963 | Pan      | Found an exit through the horrors of the Abyss.
 94242 | Pan      | Noticed Qamnack the pandemonium lord
 94246 | Pan      | Killed Qamnack the pandemonium lord
 94886 | Pan      | Found an exit through the horrors of the Abyss.
 96969 | Pan      | Noticed Alaint the pandemonium lord
 96978 | Pan      | Killed Alaint the pandemonium lord
 97215 | Pan      | Noticed Naivae the pandemonium lord
 97226 | Pan      | Killed Naivae the pandemonium lord
 98480 | Pan      | Found an exit through the horrors of the Abyss.
 98780 | Pan      | Noticed Uskagin the pandemonium lord
 98794 | Pan      | Killed Uskagin the pandemonium lord
 99224 | Pan      | Found an exit through the horrors of the Abyss.
 99247 | Pan      | Found a huge runed translucent gate.
 99249 | Pan      | Found a huge runed translucent gate.
 99250 | Pan      | Found a huge runed translucent gate.
 99251 | Pan      | Found a huge runed translucent gate.
 99939 | Pan      | Found a huge runed translucent gate.
 99939 | Pan      | Found a huge runed translucent gate.
 99939 | Pan      | Found a huge runed translucent gate.
 99945 | Pan      | Noticed Viheq the pandemonium lord
 99993 | Pan      | Killed Viheq the pandemonium lord
100198 | Pan      | Found an exit through the horrors of the Abyss.
100407 | Pan      | Identified the +2 cloak of Inaction {rPois Will+++ rCorr
                  | Stlth-}
100496 | Pan      | Found a huge runed translucent gate.
100500 | Pan      | Found a huge runed translucent gate.
100501 | Pan      | Found a huge runed translucent gate.
100501 | Pan      | Found a huge runed translucent gate.
100501 | Pan      | Found a huge runed translucent gate.
100501 | Pan      | Found a huge runed translucent gate.
100812 | Pan      | Found a huge runed translucent gate.
100819 | Pan      | Noticed Guecwucy the pandemonium lord
100824 | Pan      | Reached skill level 15 in Evocations
100834 | Pan      | Killed Guecwucy the pandemonium lord
100897 | Pan      | Reached skill level 10 in Necromancy
100899 | Pan      | Noticed Ruxt the pandemonium lord
100910 | Pan      | Killed Ruxt the pandemonium lord
101882 | Pan      | Noticed Pag Picw the pandemonium lord
101887 | Pan      | Killed Pag Picw the pandemonium lord
102851 | Pan      | Found an exit through the horrors of the Abyss.
103603 | Pan      | Noticed Myvo the pandemonium lord
103615 | Pan      | Killed Myvo the pandemonium lord
103913 | Pan      | Found an exit through the horrors of the Abyss.
103942 | Pan      | Reached skill level 10 in Shapeshifting
104436 | Pan      | Found an exit through the horrors of the Abyss.
104441 | Pan      | Noticed Ephemysesa the pandemonium lord
104450 | Pan      | Killed Ephemysesa the pandemonium lord
104974 | Pan      | Found an exit through the horrors of the Abyss.
105114 | Pan      | Noticed Vigian the pandemonium lord
105123 | Pan      | Killed Vigian the pandemonium lord
106104 | Pan      | Noticed Bioburch the pandemonium lord
106118 | Pan      | Killed Bioburch the pandemonium lord
106190 | Pan      | Found an exit through the horrors of the Abyss.
107018 | Pan      | Found an exit through the horrors of the Abyss.
107108 | Pan      | Noticed Zicewong the pandemonium lord
107121 | Pan      | Killed Zicewong the pandemonium lord
107324 | Pan      | Identified the +1 whip "Ystreecs" {drain, *Slow rElec Int+9
                  | Dex-4}
107566 | Pan      | Noticed Maexeg the pandemonium lord
107574 | Pan      | Killed Maexeg the pandemonium lord
107850 | Pan      | Found an exit through the horrors of the Abyss.
108314 | Pan      | Noticed Patuw the pandemonium lord
108330 | Pan      | Killed Patuw the pandemonium lord
108613 | Pan      | Found an exit through the horrors of the Abyss.
109354 | Pan      | Noticed Zitus the pandemonium lord
109362 | Pan      | Killed Zitus the pandemonium lord
109475 | Pan      | Found an exit through the horrors of the Abyss.
109816 | Pan      | Found an exit through the horrors of the Abyss.
109839 | Pan      | Found a huge runed translucent gate.
109953 | Pan      | Found a huge runed translucent gate.
109954 | Pan      | Found a huge runed translucent gate.
109954 | Pan      | Found a huge runed translucent gate.
109954 | Pan      | Found a huge runed translucent gate.
109955 | Pan      | Found a huge runed translucent gate.
109969 | Pan      | Found a huge runed translucent gate.
109980 | Pan      | Noticed Uvvam the pandemonium lord
109994 | Pan      | Killed Uvvam the pandemonium lord
110794 | Pan      | Found an exit through the horrors of the Abyss.
110843 | Pan      | Noticed Janupron the pandemonium lord
110854 | Pan      | Killed Janupron the pandemonium lord
110868 | Pan      | Identified the +6 dagger of Gin and Tonic {venom, rC+
                  | Dex+3}
111457 | Pan      | Noticed Avinop the pandemonium lord
111464 | Pan      | Killed Avinop the pandemonium lord
111667 | Pan      | Found an exit through the horrors of the Abyss.
112062 | Pan      | Identified the +1 robe of Theory {rN+}
112278 | Pan      | Found an exit through the horrors of the Abyss.
112500 | Pan      | Noticed Inocuxif the pandemonium lord
112513 | Pan      | Killed Inocuxif the pandemonium lord
112523 | Pan      | Got the Dissertation on the Meteoric Maleficium
112771 | Pan      | Reached skill level 10 in Spellcasting
112810 | Pan      | Identified the +1 pair of gloves of Past Mistakes {Str+6}
113786 | Pan      | Noticed Ylemaul the pandemonium lord
113795 | Pan      | Killed Ylemaul the pandemonium lord
114535 | Pan      | Noticed Eptiucko the pandemonium lord
114542 | Pan      | Killed Eptiucko the pandemonium lord
115234 | Pan      | Found an exit through the horrors of the Abyss.
115373 | Pan      | Noticed Ogigy the pandemonium lord
115381 | Pan      | Killed Ogigy the pandemonium lord
115869 | Pan      | Noticed Hilaell the pandemonium lord
115878 | Pan      | Killed Hilaell the pandemonium lord
116001 | Pan      | Found an exit through the horrors of the Abyss.
116981 | Pan      | Noticed Alaotec the pandemonium lord
116992 | Pan      | Killed Alaotec the pandemonium lord
117105 | Pan      | Found an exit through the horrors of the Abyss.
117731 | Pan      | Identified the +0 scale mail of Oblept {rPois Dex+3}
117883 | Pan      | Found an exit through the horrors of the Abyss.
118319 | Pan      | Noticed Jirer the pandemonium lord
118328 | Pan      | Killed Jirer the pandemonium lord
118963 | Pan      | Found an exit through the horrors of the Abyss.
119051 | Pan      | Noticed Riositecs the pandemonium lord
119060 | Pan      | Killed Riositecs the pandemonium lord
119341 | Pan      | Noticed Imooheyb the pandemonium lord
119342 | Pan      | Identified the ring of Faih {Fire *Slow Will++ Dex+3
                  | Stlth-}
119361 | Pan      | Killed Imooheyb the pandemonium lord
120444 | Pan      | Found an exit through the horrors of the Abyss.
121214 | Pan      | Found an exit through the horrors of the Abyss.
121725 | Pan      | Noticed Ameox the pandemonium lord
121730 | Pan      | Reached skill level 15 in Necromancy
121743 | Pan      | Killed Ameox the pandemonium lord
122521 | Pan      | Found an exit through the horrors of the Abyss.
122881 | Pan      | Noticed Qoilomi the pandemonium lord
122893 | Pan      | Killed Qoilomi the pandemonium lord
123836 | Pan      | Found an exit through the horrors of the Abyss.
124064 | Pan      | Identified the +7 rapier of the Wasp {chaos, Int+2}
124287 | Pan      | Noticed Weigurerr the pandemonium lord
124295 | Pan      | Killed Weigurerr the pandemonium lord
125328 | Pan      | Noticed Rutyut the pandemonium lord
125337 | Pan      | Killed Rutyut the pandemonium lord
126002 | Pan      | Found an exit through the horrors of the Abyss.
126203 | Pan      | Identified the +3 buckler of the Circus Animal {+Inv rC+
                  | Str+3 Int+3}
126240 | Pan      | Found an exit through the horrors of the Abyss.
126290 | Pan      | Identified the ring "Towkuish" {rN+ rCorr}
126466 | Pan      | Found a transporter.
126528 | Pan      | Found a transporter.
126630 | Pan      | Identified the +1 helmet "Maoqesm" {Regen+ Dex+2 SInv}
126936 | Pan      | Noticed Apsut the pandemonium lord
126939 | Pan      | Killed Apsut the pandemonium lord
127208 | Pan      | Found an exit through the horrors of the Abyss.
127575 | Pan      | Noticed Zuissiffeo the pandemonium lord
127703 | Pan      | Killed Zuissiffeo the pandemonium lord
127840 | Pan      | Found an exit through the horrors of the Abyss.
128354 | Pan      | Noticed Qevvouve the pandemonium lord
128360 | Pan      | Killed Qevvouve the pandemonium lord
128592 | Pan      | Found an exit through the horrors of the Abyss.
128986 | Pan      | Noticed Neafur the pandemonium lord
129217 | Pan      | Killed Neafur the pandemonium lord
130041 | Pan      | Found a transporter.
130112 | Pan      | Identified the +1 ring mail "Egeloan" {-Cast rPois Dex-4
                  | Stlth+}
130125 | Pan      | Identified the +1 scale mail of the Fisher {Str+4 Int+3}
130277 | Pan      | Found a transporter.
130318 | Pan      | Found an exit through the horrors of the Abyss.
130559 | Pan      | Identified the +6 trident "Rosch" {holy, *Rage Will+ Str+4}
130574 | Pan      | Identified the ring "Ohiezit" {Fly EV+5}
130596 | Pan      | Identified the amulet "Zaybbus" {Faith Str+3}
131243 | Pan      | Noticed Hakhleuf the pandemonium lord
131274 | Pan      | Killed Hakhleuf the pandemonium lord
131881 | Pan      | Noticed Nopitoes the pandemonium lord
131889 | Pan      | Killed Nopitoes the pandemonium lord
132441 | Pan      | Found an exit through the horrors of the Abyss.
132627 | Pan      | Noticed Afonnoaq the pandemonium lord
132631 | Pan      | Killed Afonnoaq the pandemonium lord
133157 | Pan      | Found an exit through the horrors of the Abyss.
133391 | Pan      | Found an exit through the horrors of the Abyss.
133469 | Pan      | Noticed Qiyxt the pandemonium lord
133486 | Pan      | Killed Qiyxt the pandemonium lord
134441 | Pan      | Noticed Teplacis the pandemonium lord
134464 | Pan      | Killed Teplacis the pandemonium lord
134704 | Pan      | Found an exit through the horrors of the Abyss.
135159 | Pan      | Noticed Dauc the pandemonium lord
135174 | Pan      | Killed Dauc the pandemonium lord
135490 | Pan      | Found an exit through the horrors of the Abyss.
136240 | Pan      | Noticed Zidaeg the pandemonium lord
136260 | Pan      | Killed Zidaeg the pandemonium lord
137588 | Pan      | Noticed Vaehus the pandemonium lord
137595 | Pan      | Killed Vaehus the pandemonium lord
137693 | Pan      | Found an exit through the horrors of the Abyss.
137965 | Pan      | Noticed Devvacvu the pandemonium lord
137987 | Pan      | Killed Devvacvu the pandemonium lord
139112 | Pan      | Noticed Qiwkam the pandemonium lord
139117 | Pan      | Killed Qiwkam the pandemonium lord
139429 | Pan      | Found an exit through the horrors of the Abyss.
139674 | Pan      | Noticed Vefegakk the pandemonium lord
139682 | Pan      | Killed Vefegakk the pandemonium lord
139874 | Pan      | Found an exit through the horrors of the Abyss.
140572 | Pan      | Found an exit through the horrors of the Abyss.
140626 | Pan      | Noticed Sipy the pandemonium lord
140633 | Pan      | Killed Sipy the pandemonium lord
141020 | Pan      | Found an exit through the horrors of the Abyss.
141084 | Pan      | Noticed Futhremom the pandemonium lord
141097 | Pan      | Killed Futhremom the pandemonium lord
141098 | Pan      | Reached skill level 15 in Spellcasting
141347 | Pan      | Identified the storm talisman of the Rose {rF+ rCorr}
141839 | Pan      | Reached skill level 15 in Shapeshifting
141949 | Pan      | Found an exit through the horrors of the Abyss.
142034 | Pan      | Noticed Puury the pandemonium lord
142057 | Pan      | Killed Puury the pandemonium lord
142324 | Pan      | Identified the +6 flail of Similek {freeze, rElec rPois rC+
                  | Stlth+}
142668 | Pan      | Acquired a manual of Staves
142723 | Pan      | Found an exit through the horrors of the Abyss.
143124 | Pan      | Noticed Xibaryra the pandemonium lord
143552 | Pan      | Killed Xibaryra the pandemonium lord
143587 | Pan      | Identified the +11 great mace "Xeokarih" {holy, rC+ rN+
                  | Str-2}
143899 | Pan      | Noticed Birarum the pandemonium lord
143917 | Pan      | Killed Birarum the pandemonium lord
143997 | Pan      | Found an exit through the horrors of the Abyss.
144691 | Pan      | Found an exit through the horrors of the Abyss.
144802 | Pan      | Noticed Xaur Yki the pandemonium lord
144806 | Pan      | Killed Xaur Yki the pandemonium lord
145185 | Pan      | Noticed Foazarpho the pandemonium lord
145205 | Pan      | Killed Foazarpho the pandemonium lord
146292 | Pan      | Found an exit through the horrors of the Abyss.
146337 | Pan      | Noticed Vickiewn the pandemonium lord
146342 | Pan      | Killed Vickiewn the pandemonium lord
147136 | Pan      | Found an exit through the horrors of the Abyss.
147238 | Pan      | Noticed Letol the pandemonium lord
147247 | Pan      | Killed Letol the pandemonium lord
147401 | Pan      | Identified the +1 robe of the Tormentor {Str+3 Int+2
                  | Slay+3}
147978 | Pan      | Found an exit through the horrors of the Abyss.
148234 | Pan      | Noticed Vatauscharr the pandemonium lord
150223 | Pan      | Noticed Vubakef the pandemonium lord
150236 | Pan      | Killed Vubakef the pandemonium lord
151279 | Pan      | Found an exit through the horrors of the Abyss.
151512 | Pan      | Identified the +1 orcbow of Sojunytro {heavy, rF+ Str-3
                  | Int+2 Dex+2}
151563 | Pan      | Noticed Kublopni the pandemonium lord
151574 | Pan      | Killed Kublopni the pandemonium lord
152032 | Pan      | Found an exit through the horrors of the Abyss.
152266 | Pan      | Noticed Otseh the pandemonium lord
152279 | Pan      | Killed Otseh the pandemonium lord
153031 | Pan      | Found an exit through the horrors of the Abyss.
153127 | Pan      | Noticed Ajiprop the pandemonium lord
153139 | Pan      | Killed Ajiprop the pandemonium lord
153427 | Pan      | Identified the +0 war axe of Traps {spect, rPois rF+++ rC-
                  | Str-3}
153810 | Pan      | Found an exit through the horrors of the Abyss.
153919 | Pan      | Noticed Hierizum the pandemonium lord
153931 | Pan      | Killed Hierizum the pandemonium lord
154952 | Pan      | Identified the +1 leather armour of Makhleb's Vengeance
                  | {rElec}
154962 | Pan      | Found an exit through the horrors of the Abyss.
155017 | Pan      | Identified the +4 ring mail of the Purple Skies {Dex+3}
155083 | Pan      | Noticed Otuawuecs the pandemonium lord
155098 | Pan      | Killed Otuawuecs the pandemonium lord
155598 | Pan      | Noticed Puepucan the pandemonium lord
155614 | Pan      | Killed Puepucan the pandemonium lord
155644 | Pan      | Identified the staff of the Big Bang {*Slow rPois rN+++
                  | Will- Alchemy}
155818 | Pan      | Identified the amulet of Ucvec {Reflect rElec Str+2 SH+5}
155911 | Pan      | Found an exit through the horrors of the Abyss.
156502 | Pan      | Noticed Maeson the pandemonium lord
156513 | Pan      | Killed Maeson the pandemonium lord
156900 | Pan      | Found an exit through the horrors of the Abyss.
157869 | Pan      | Noticed Eduis the pandemonium lord
157876 | Pan      | Killed Eduis the pandemonium lord
158061 | Pan      | Found an exit through the horrors of the Abyss.
158151 | Pan      | Identified the +4 rapier "Yhommin" {flame, Int+2}
158615 | Pan      | Found a huge runed translucent gate.
158629 | Pan      | Found an exit through the horrors of the Abyss.
159394 | Pan      | Found a huge runed translucent gate.
159395 | Pan      | Found a huge runed translucent gate.
159395 | Pan      | Found a huge runed translucent gate.
159395 | Pan      | Found a huge runed translucent gate.
159395 | Pan      | Found a huge runed translucent gate.
159396 | Pan      | Found a huge runed translucent gate.
159403 | Pan      | Noticed Odoleozu the pandemonium lord
159409 | Pan      | Killed Odoleozu the pandemonium lord
159597 | Pan      | Got the Textbook on the Band and the Snowflakes
159622 | Pan      | Identified the +6 rapier of Dim Light {drain, ^Contam rF++
                  | rC++}
159733 | Pan      | Found an exit through the horrors of the Abyss.
159765 | Pan      | Noticed Wouwn the pandemonium lord
159776 | Pan      | Killed Wouwn the pandemonium lord
159787 | Pan      | Identified the +5 chain mail of Reason {+Blink rN+++
                  | Stlth-}
159978 | Pan      | Noticed Hacwugir the pandemonium lord
160017 | Pan      | Killed Hacwugir the pandemonium lord
160272 | Pan      | Found an exit through the horrors of the Abyss.
160754 | Pan      | Found a runed translucent door.
160765 | Pan      | Found a runed translucent door.
160771 | Pan      | Found a runed translucent door.
160781 | Pan      | Found a runed translucent door.
161121 | Pan      | Noticed Vybos the pandemonium lord
161129 | Pan      | Killed Vybos the pandemonium lord
161197 | Pan      | Noticed Lapsim the pandemonium lord
161203 | Pan      | Killed Lapsim the pandemonium lord
161238 | Pan      | Found an exit through the horrors of the Abyss.
161836 | Pan      | Noticed Cijaufei the pandemonium lord
161859 | Pan      | Killed Cijaufei the pandemonium lord
162017 | Pan      | Found an exit through the horrors of the Abyss.
162746 | Pan      | Found a runed translucent door.
162830 | Pan      | Noticed Barrih the pandemonium lord
162839 | Pan      | Killed Barrih the pandemonium lord
163084 | Pan      | Found an exit through the horrors of the Abyss.
164191 | Pan      | Noticed Hagroagg the pandemonium lord
164202 | Pan      | Killed Hagroagg the pandemonium lord
164483 | Pan      | Found an exit through the horrors of the Abyss.
164889 | Pan      | Noticed Vetiud the pandemonium lord
164898 | Pan      | Killed Vetiud the pandemonium lord
164912 | Pan      | Got the Annotations on the Radiant Quake
164945 | Pan      | Found an exit through the horrors of the Abyss.
165066 | Pan      | Noticed Ymoc the pandemonium lord
165080 | Pan      | Killed Ymoc the pandemonium lord
165397 | Pan      | Identified the +7 quarterstaff "Tyupayme" {freeze, ^Fragile
                  | Will+ Int+3}
165818 | Pan      | Noticed Rifi the pandemonium lord
165831 | Pan      | Killed Rifi the pandemonium lord
165863 | Pan      | Acquired the amulet "Astrom" {Faith Regen+ SInv}
165968 | Pan      | Found an exit through the horrors of the Abyss.
166353 | Pan      | Found a runed translucent door.
166353 | Pan      | Found a runed translucent door.
166361 | Pan      | Found a runed translucent door.
166364 | Pan      | Found a runed translucent door.
166391 | Pan      | Identified the +3 whip of Momuorcho {spect, rF+ Will-
                  | Stlth+}
166498 | Pan      | Found an exit through the horrors of the Abyss.
167044 | Pan      | Noticed Gommy the pandemonium lord
167051 | Pan      | Killed Gommy the pandemonium lord
167057 | Pan      | Identified the +3 falchion "Eduphank" {freeze, +Blink
                  | Dex+5}
167240 | Pan      | Noticed Hiogruwn the pandemonium lord
167247 | Pan      | Killed Hiogruwn the pandemonium lord
167665 | Pan      | Found an exit through the horrors of the Abyss.
168110 | Pan      | Noticed Pevyssi the pandemonium lord
168118 | Pan      | Killed Pevyssi the pandemonium lord
168153 | Pan      | Found an exit through the horrors of the Abyss.
169273 | Pan      | Found a runed translucent door.
169552 | Pan      | Found an exit through the horrors of the Abyss.
169771 | Pan      | Noticed Dueky the pandemonium lord
169777 | Pan      | Killed Dueky the pandemonium lord
169971 | Pan      | Noticed Juufouw the pandemonium lord
169979 | Pan      | Killed Juufouw the pandemonium lord
170074 | Pan      | Identified the scarf of Barnacled Fun {shadows, Dex+2}
171498 | Pan      | Noticed Fitomekh the pandemonium lord
171509 | Pan      | Killed Fitomekh the pandemonium lord
171515 | Pan      | Identified the ring of Kaur {Ice rElec Will- Slay+5 SInv}
171518 | Pan      | Got Ykky's Atlas of the Sizzling Jinx
171616 | Pan      | Noticed Tuangibeuw the pandemonium lord
171618 | Pan      | Found an exit through the horrors of the Abyss.
171622 | Pan      | Killed Tuangibeuw the pandemonium lord
172105 | Pan      | Got the Vademecum on Dusty Pollution
172288 | Pan      | Noticed Ziegouqy the pandemonium lord
172294 | Pan      | Killed Ziegouqy the pandemonium lord
172491 | Pan      | Found an exit through the horrors of the Abyss.
173123 | Pan      | Noticed Lyosi the pandemonium lord
173133 | Pan      | Killed Lyosi the pandemonium lord
173156 | Pan      | Identified the ring "Bidawnib" {Wiz rF+}
173553 | Pan      | Found an exit through the horrors of the Abyss.
173868 | Pan      | Noticed Kuiropp the pandemonium lord
173871 | Pan      | Killed Kuiropp the pandemonium lord
174687 | Pan      | Found an exit through the horrors of the Abyss.
174890 | Pan      | Noticed Reticesysh the pandemonium lord
174900 | Pan      | Killed Reticesysh the pandemonium lord
176187 | Pan      | Found an exit through the horrors of the Abyss.
177129 | Pan      | Found an exit through the horrors of the Abyss.
177209 | Pan      | Noticed Atrul the pandemonium lord
177222 | Pan      | Killed Atrul the pandemonium lord
178063 | Pan      | Noticed Tudoisa the pandemonium lord
178072 | Pan      | Killed Tudoisa the pandemonium lord
178256 | Pan      | Acquired a manual of Translocations
178258 | Pan      | Acquired the +2 cloak of the Moon {Fly rElec rF+++ Int-3}
178423 | Pan      | Noticed Lehayr the pandemonium lord
178438 | Pan      | Killed Lehayr the pandemonium lord
179031 | Pan      | Acquired 1169 gold pieces
179032 | Pan      | Acquired a manual of Air Magic
179540 | Pan      | Noticed Vili the pandemonium lord
179547 | Pan      | Killed Vili the pandemonium lord
179593 | Pan      | Identified the ring of Jozej {rC+ Str+6}
179722 | Pan      | Found an exit through the horrors of the Abyss.
179742 | Pan      | Found an exit through the horrors of the Abyss.
180115 | Pan      | Noticed Filaot the pandemonium lord
180129 | Pan      | Killed Filaot the pandemonium lord
181484 | Pan      | Noticed Ikioph the pandemonium lord
181500 | Pan      | Killed Ikioph the pandemonium lord
182046 | Pan      | Found an exit through the horrors of the Abyss.
182226 | Pan      | Identified the +11 rapier "Zimobengio" {venom, Str-3 Dex+2
                  | Stlth+}
182348 | Pan      | Noticed Ikuifaaso the pandemonium lord
182358 | Pan      | Killed Ikuifaaso the pandemonium lord
182651 | Pan      | Noticed Ocze the pandemonium lord
182662 | Pan      | Killed Ocze the pandemonium lord
183027 | Pan      | Found an exit through the horrors of the Abyss.
183617 | Pan      | Identified the +6 shortbow "Spiderslayer" {flame, Int+7
                  | Stlth-}
183653 | Pan      | Noticed Nauvo the pandemonium lord
183660 | Pan      | Killed Nauvo the pandemonium lord
183758 | Pan      | Identified the +1 robe of Tyepnum {rN+ Stlth+}
184082 | Pan      | Found an exit through the horrors of the Abyss.
184433 | Pan      | Noticed Lobleud the pandemonium lord
184582 | Pan      | Killed Lobleud the pandemonium lord
184631 | Pan      | Found an exit through the horrors of the Abyss.
185676 | Pan      | Identified the amulet of Ossucwo {Rampage Regen+ Dex+4}
185690 | Pan      | Noticed Dozom the pandemonium lord
185705 | Pan      | Killed Dozom the pandemonium lord
185870 | Pan      | Found an exit through the horrors of the Abyss.
186517 | Pan      | Got the Volume of Liminal Transmogrification
186921 | Pan      | Noticed Getwuapie the pandemonium lord
186928 | Pan      | Killed Getwuapie the pandemonium lord
187337 | Pan      | Found an exit through the horrors of the Abyss.
187470 | Pan      | Noticed Jusmex the pandemonium lord
187476 | Pan      | Killed Jusmex the pandemonium lord
187515 | Pan      | Reached skill level 27 in Necromancy
188671 | Pan      | Noticed Weumes the pandemonium lord
188686 | Pan      | Killed Weumes the pandemonium lord
188710 | Pan      | Identified the ring of Mistrust {rF+ rC+ MP+9 Str+2}
188716 | Pan      | Found an exit through the horrors of the Abyss.
189149 | Pan      | Noticed Xisch the pandemonium lord
189156 | Pan      | Killed Xisch the pandemonium lord
189768 | Pan      | Reached skill level 27 in Dodging
189769 | Pan      | Reached skill level 27 in Fighting
189825 | Pan      | Reached skill level 27 in Armour
189831 | Pan      | Reached skill level 27 in Shields
189892 | Pan      | Reached skill level 27 in Throwing
189892 | Pan      | Reached skill level 27 in Invocations
189899 | Pan      | Reached skill level 27 in Stealth
190085 | Pan      | Noticed Nemeseaj the pandemonium lord
190093 | Pan      | Killed Nemeseaj the pandemonium lord
190669 | Pan      | Noticed Xaofer the pandemonium lord
190679 | Pan      | Killed Xaofer the pandemonium lord
190723 | Pan      | Found an exit through the horrors of the Abyss.
190844 | Pan      | Reached skill level 27 in Axes
191142 | Pan      | Found a huge runed translucent gate.
191142 | Pan      | Found a huge runed translucent gate.
191143 | Pan      | Found a huge runed translucent gate.
191143 | Pan      | Found a huge runed translucent gate.
191143 | Pan      | Found a huge runed translucent gate.
191143 | Pan      | Found a huge runed translucent gate.
191159 | Pan      | Found a huge runed translucent gate.
191159 | Pan      | Found a huge runed translucent gate.
191159 | Pan      | Found a huge runed translucent gate.
191159 | Pan      | Found a huge runed translucent gate.
191159 | Pan      | Found a huge runed translucent gate.
191159 | Pan      | Found a huge runed translucent gate.
191159 | Pan      | Found a huge runed translucent gate.
191160 | Pan      | Found a huge runed translucent gate.
191160 | Pan      | Found a huge runed translucent gate.
191160 | Pan      | Noticed Eggu the pandemonium lord
191162 | Pan      | Found a huge runed translucent gate.
191162 | Pan      | Found a huge runed translucent gate.
191205 | Pan      | Killed Eggu the pandemonium lord
191554 | Pan      | Found an exit through the horrors of the Abyss.
192137 | Pan      | Found an exit through the horrors of the Abyss.
192146 | Pan      | Noticed Macaggyj the pandemonium lord
192159 | Pan      | Killed Macaggyj the pandemonium lord
192416 | Pan      | Identified the ring "Jarab" {Str+2 Int+6 SInv}
193040 | Pan      | Found an opulent altar of Gozag.
193043 | Pan      | Found Yry Wuics's Exquisite Manuscripts.
193084 | Pan      | Noticed Yry Wuics the pandemonium lord
193251 | Pan      | Found an exit through the horrors of the Abyss.
193551 | Pan      | Found an opulent altar of Gozag.
193562 | Pan      | Found Yry Wuics's Assorted Sundries.
193564 | Pan      | Found an opulent altar of Gozag.
193586 | Pan      | Found Yry Wuics's Infernal Boutique.
193598 | Pan      | Found Yry Wuics's Rarities Stash.
193701 | Pan      | Bought the amulet "Hoozaw" {Reflect rC+ SH+5} for 704 gold
                  | pieces
193701 | Pan      | Bought the ring of Yqaetit {Wiz rElec rN+} for 771 gold
                  | pieces
193722 | Pan      | Killed Asaim the pandemonium lord
193731 | Pan      | Bought a scroll of immolation for 72 gold pieces
193731 | Pan      | Bought a scroll of fog for 72 gold pieces
193731 | Pan      | Bought a scroll of teleportation for 54 gold pieces
193731 | Pan      | Bought 2 scrolls of revelation for 270 gold pieces
193731 | Pan      | Bought a scroll of silence for 171 gold pieces
193731 | Pan      | Bought a scroll of revelation for 135 gold pieces
193822 | Pan      | Bought a scroll of fog for 88 gold pieces
193822 | Pan      | Bought 2 potions of invisibility for 352 gold pieces
194079 | Pan      | Found an exit through the horrors of the Abyss.
194250 | Pan      | Found a corrupted altar of Lugonu.
194288 | Pan      | Found a runed translucent door.
194908 | Pan      | Noticed Qoitem the pandemonium lord
194913 | Pan      | Killed Qoitem the pandemonium lord
194973 | Pan      | Found a huge runed translucent gate.
194981 | Pan      | Found a huge runed translucent gate.
195363 | Pan      | Found an exit through the horrors of the Abyss.
195429 | Pan      | Found a huge runed translucent gate.
195430 | Pan      | Found a huge runed translucent gate.
195430 | Pan      | Found a huge runed translucent gate.
195430 | Pan      | Found a huge runed translucent gate.
195431 | Pan      | Found a huge runed translucent gate.
195444 | Pan      | Noticed Qemiruu the pandemonium lord
195461 | Pan      | Killed Qemiruu the pandemonium lord
195575 | Pan      | Reached skill level 27 in Evocations
195991 | Pan      | Identified the serpent talisman of the Planets {rElec rF+
                  | rN+}
196066 | Pan      | Found an exit through the horrors of the Abyss.
196117 | Pan      | Identified the +5 broad axe "Jellybane" {protect, Fly rF-
                  | Int+5}
196190 | Pan      | Noticed Welilinn the pandemonium lord
196194 | Pan      | Killed Welilinn the pandemonium lord
196205 | Pan      | Identified the ring of the Moon {rN+ Dex+6}
197079 | Pan      | Found an exit through the horrors of the Abyss.
197153 | Pan      | Reached skill level 1 in Hexes
197245 | Pan      | Noticed Sapas the pandemonium lord
197253 | Pan      | Killed Sapas the pandemonium lord
197716 | Pan      | Identified the +1 leather armour of Circular Logic {Dex+3}
197917 | Pan      | Noticed Utuydd Wupne the pandemonium lord
197927 | Pan      | Killed Utuydd Wupne the pandemonium lord
198468 | Pan      | Found an exit through the horrors of the Abyss.
198848 | Pan      | Noticed Oparch the pandemonium lord
198859 | Pan      | Killed Oparch the pandemonium lord
199480 | Pan      | Found an exit through the horrors of the Abyss.
199521 | Pan      | Noticed Kuenoitz the pandemonium lord
199534 | Pan      | Killed Kuenoitz the pandemonium lord
199778 | Pan      | Reached skill level 5 in Hexes
200168 | Pan      | Noticed Pounoaqo the pandemonium lord
200178 | Pan      | Killed Pounoaqo the pandemonium lord
200760 | Pan      | Noticed Viorysog the pandemonium lord
200770 | Pan      | Killed Viorysog the pandemonium lord
200963 | Pan      | Found an exit through the horrors of the Abyss.
201413 | Pan      | Noticed Lamm the pandemonium lord
201420 | Pan      | Killed Lamm the pandemonium lord
201567 | Pan      | Identified the +1 chain mail of the Guardian {Rampage Str-4
                  | Int+7}
201680 | Pan      | Found an exit through the horrors of the Abyss.
202377 | Pan      | Noticed Ciammoqu the pandemonium lord
202388 | Pan      | Killed Ciammoqu the pandemonium lord
203500 | Pan      | Found an exit through the horrors of the Abyss.
203565 | Pan      | Noticed Hoiseote the pandemonium lord
203574 | Pan      | Killed Hoiseote the pandemonium lord
203986 | Pan      | Found an exit through the horrors of the Abyss.
204116 | Pan      | Noticed Pifofett the pandemonium lord
204127 | Pan      | Killed Pifofett the pandemonium lord
204516 | Pan      | Identified the +1 pair of boots "Riniel" {rC+ Regen+}
204732 | Pan      | Identified the +3 dagger of Conformity {flame, rPois
                  | Stlth+}
204903 | Pan      | Noticed Addusuon the pandemonium lord
204915 | Pan      | Killed Addusuon the pandemonium lord
205737 | Pan      | Noticed Ojagum the pandemonium lord
205746 | Pan      | Killed Ojagum the pandemonium lord
205816 | Pan      | Identified the +6 leather armour "Jeahomes" {rElec}
206243 | Pan      | Found an exit through the horrors of the Abyss.
206614 | Pan      | Found an exit through the horrors of the Abyss.
206660 | Pan      | Noticed Jehob the pandemonium lord
206666 | Pan      | Killed Jehob the pandemonium lord
207144 | Pan      | Found an exit through the horrors of the Abyss.
207533 | Pan      | Noticed Jelairyss the pandemonium lord
207547 | Pan      | Killed Jelairyss the pandemonium lord
207672 | Pan      | Took an exit into the Abyss.
207672 | Abyss:4  | Escaped into the Abyss
207672 | Abyss:4  | Found a corrupted altar of Lugonu.
207681 | Abyss:4  | Found a corrupted altar of Lugonu.
207690 | Abyss:4  | Found a corrupted altar of Lugonu.
207997 | Depths:1 | Escaped the Abyss
208006 | Pan      | Entered Pandemonium
208054 | Pan      | Noticed Ujacwoff the pandemonium lord
208067 | Pan      | Killed Ujacwoff the pandemonium lord
208302 | Pan      | Reached skill level 10 in Hexes
208905 | Pan      | Noticed Lumutsa the pandemonium lord
208918 | Pan      | Killed Lumutsa the pandemonium lord
208918 | Pan      | Identified the +3 leather armour of Dim Light {Int+6}
209174 | Pan      | Found an exit through the horrors of the Abyss.
209255 | Pan      | Identified the granite talisman of the Mordant Slorg {MP+9
                  | Int-3 Dex+3 Stlth+}
209502 | Pan      | Found an exit through the horrors of the Abyss.
209619 | Pan      | Noticed Socibukh the pandemonium lord
209636 | Pan      | Killed Socibukh the pandemonium lord
210200 | Pan      | Found an exit through the horrors of the Abyss.
211090 | Pan      | Noticed Emoxkuwk the pandemonium lord
211095 | Pan      | Killed Emoxkuwk the pandemonium lord
211096 | Pan      | Reached skill level 27 in Shapeshifting
212048 | Pan      | Identified the +5 war axe "Pumer" {drain, Dex+3}
212329 | Pan      | Noticed Waczyaro the pandemonium lord
212344 | Pan      | Killed Waczyaro the pandemonium lord
212443 | Pan      | Found an exit through the horrors of the Abyss.
212613 | Pan      | Learned a level 7 spell: Enfeeble
212668 | Pan      | Noticed Negraom the pandemonium lord
212690 | Pan      | Killed Negraom the pandemonium lord
213306 | Pan      | Noticed Nuntou the pandemonium lord
213312 | Pan      | Killed Nuntou the pandemonium lord
214214 | Pan      | Found an exit through the horrors of the Abyss.
214599 | Pan      | Noticed Qalezxuff the pandemonium lord
214619 | Pan      | Killed Qalezxuff the pandemonium lord
215790 | Pan      | Noticed Raigumik the pandemonium lord
215798 | Pan      | Killed Raigumik the pandemonium lord
216129 | Pan      | Found an exit through the horrors of the Abyss.
216508 | Pan      | Found an exit through the horrors of the Abyss.
217264 | Pan      | Noticed Ysubrud the pandemonium lord
217269 | Pan      | Killed Ysubrud the pandemonium lord
217423 | Pan      | Identified the +1 leather armour of Prudence {Dex+2}
217438 | Pan      | Acquired the +0 cloak of Raen {Rampage Str+3 Int-3 SInv}
217448 | Pan      | Found an exit through the horrors of the Abyss.
218184 | Pan      | Noticed Milaho the pandemonium lord
218201 | Pan      | Killed Milaho the pandemonium lord
218720 | Pan      | Reached skill level 27 in Spellcasting
218720 | Pan      | Found an exit through the horrors of the Abyss.
218746 | Pan      | Noticed Febit the pandemonium lord
218774 | Pan      | Killed Febit the pandemonium lord
218871 | Pan      | Identified the +0 ring mail of the Endless Expanse {rN++
                  | MP+9 Stlth+}
219081 | Pan      | Identified the +12 shortbow "Pulebb" {speed, ^Drain Will+
                  | Int+2}
219282 | Pan      | Identified the +0 plate armour of Quantum Leap {Str+5}
219395 | Pan      | Noticed Gogiror the pandemonium lord
219402 | Pan      | Killed Gogiror the pandemonium lord
219417 | Pan      | Reached skill level 15 in Hexes
220066 | Pan      | Found an exit through the horrors of the Abyss.
220300 | Pan      | Noticed Jeoti the pandemonium lord
220308 | Pan      | Killed Jeoti the pandemonium lord
220448 | Pan      | Identified the +0 sling of Qyhaetis {drain, Stlth+}
220638 | Pan      | Found an exit through the horrors of the Abyss.
220774 | Pan      | Noticed Geupsooter the pandemonium lord
220777 | Pan      | Killed Geupsooter the pandemonium lord
221251 | Pan      | Noticed Ampah the pandemonium lord
221258 | Pan      | Killed Ampah the pandemonium lord
221763 | Pan      | Found an exit through the horrors of the Abyss.
222249 | Pan      | Noticed Vossif the pandemonium lord
222254 | Pan      | Killed Vossif the pandemonium lord
222332 | Pan      | Identified the +0 rapier "Vunnixur" {pain, rPois rC- Str+8
                  | Dex-3}
222889 | Pan      | Found an exit through the horrors of the Abyss.
222997 | Pan      | Noticed Mennix the pandemonium lord
223009 | Pan      | Killed Mennix the pandemonium lord
223685 | Pan      | Found an exit through the horrors of the Abyss.
223791 | Pan      | Noticed Ixitetuy the pandemonium lord
223795 | Pan      | Killed Ixitetuy the pandemonium lord
224413 | Pan      | Found a runed translucent door.
224574 | Pan      | Found an exit through the horrors of the Abyss.
224836 | Pan      | Noticed Ikkul the pandemonium lord
224869 | Pan      | Killed Ikkul the pandemonium lord
225514 | Pan      | Identified the maw talisman of Xacaczoge {MP+9 Str+3}
225968 | Pan      | Noticed Biajoot the pandemonium lord
225982 | Pan      | Killed Biajoot the pandemonium lord
226122 | Pan      | Found an exit through the horrors of the Abyss.
226135 | Pan      | Identified the +1 scale mail "Tudeno" {rPois Int-4 Dex+8}
226236 | Pan      | Noticed Taeraom the pandemonium lord
226250 | Pan      | Killed Taeraom the pandemonium lord
226968 | Pan      | Noticed Velocvy the pandemonium lord
226979 | Pan      | Killed Velocvy the pandemonium lord
227691 | Pan      | Noticed Tunu the pandemonium lord
227699 | Pan      | Killed Tunu the pandemonium lord
227817 | Pan      | Found an exit through the horrors of the Abyss.
228587 | Pan      | Noticed Waufaj the pandemonium lord
228614 | Pan      | Killed Waufaj the pandemonium lord
228862 | Pan      | Found an exit through the horrors of the Abyss.
229100 | Pan      | Found an exit through the horrors of the Abyss.
229226 | Pan      | Noticed Caull the pandemonium lord
229236 | Pan      | Killed Caull the pandemonium lord
229587 | Pan      | Found an exit through the horrors of the Abyss.
229844 | Pan      | Noticed Voiluagepn the pandemonium lord
229857 | Pan      | Killed Voiluagepn the pandemonium lord
230221 | Pan      | Noticed Loysohin the pandemonium lord
230239 | Pan      | Killed Loysohin the pandemonium lord
230790 | Pan      | Found an exit through the horrors of the Abyss.
230879 | Pan      | Noticed Qeojess the pandemonium lord
230896 | Pan      | Killed Qeojess the pandemonium lord
230996 | Pan      | Acquired the +2 pair of gloves "Lodas" {Will+ rCorr Slay-6}
231016 | Pan      | Found an exit through the horrors of the Abyss.
231205 | Pan      | Identified the +7 sling of the Kissing Tiger {speed, rCorr
                  | Int-3 Dex+3}
232156 | Pan      | Noticed Aniabumu the pandemonium lord
232164 | Pan      | Killed Aniabumu the pandemonium lord
232861 | Pan      | Found an exit through the horrors of the Abyss.
233189 | Pan      | Noticed Nubruin the pandemonium lord
233205 | Pan      | Killed Nubruin the pandemonium lord
233208 | Pan      | Got Sif Muna's Omnibus of Exothermic Translocation
233477 | Pan      | Found an exit through the horrors of the Abyss.
233756 | Pan      | Noticed Ibroytt the pandemonium lord
233764 | Pan      | Killed Ibroytt the pandemonium lord
233914 | Pan      | Found an exit through the horrors of the Abyss.
234387 | Pan      | Noticed Rixog the pandemonium lord
234398 | Pan      | Killed Rixog the pandemonium lord
235101 | Pan      | Noticed Xuagauxo the pandemonium lord
235118 | Pan      | Killed Xuagauxo the pandemonium lord
235488 | Pan      | Found an exit through the horrors of the Abyss.
235819 | Pan      | Noticed Juphouc the pandemonium lord
235829 | Pan      | Killed Juphouc the pandemonium lord
235927 | Pan      | Found an exit through the horrors of the Abyss.
236563 | Pan      | Noticed Qaehos the pandemonium lord
236576 | Pan      | Killed Qaehos the pandemonium lord
237019 | Pan      | Found an exit through the horrors of the Abyss.
237639 | Pan      | Noticed Wyuseuc the pandemonium lord
237645 | Pan      | Killed Wyuseuc the pandemonium lord
238169 | Pan      | Noticed Uledud the pandemonium lord
238183 | Pan      | Killed Uledud the pandemonium lord
238777 | Pan      | Found an exit through the horrors of the Abyss.
238905 | Pan      | Found an exit through the horrors of the Abyss.
239143 | Pan      | Reached skill level 27 in Hexes
239193 | Pan      | Reached skill level 1 in Summonings
239397 | Pan      | Found a runed translucent door.
239679 | Pan      | Noticed Yxtuk the pandemonium lord
239684 | Pan      | Killed Yxtuk the pandemonium lord
239813 | Pan      | Identified the +3 ring mail of the Sun {Rampage *Slow rPois
                  | rF++}
240049 | Pan      | Found an exit through the horrors of the Abyss.
240088 | Pan      | Found a huge runed translucent gate.
240089 | Pan      | Found a huge runed translucent gate.
240089 | Pan      | Found a huge runed translucent gate.
240090 | Pan      | Found a huge runed translucent gate.
240090 | Pan      | Found a huge runed translucent gate.
240090 | Pan      | Found a huge runed translucent gate.
240090 | Pan      | Found a huge runed translucent gate.
240090 | Pan      | Found a huge runed translucent gate.
240091 | Pan      | Found a huge runed translucent gate.
240091 | Pan      | Found a huge runed translucent gate.
240091 | Pan      | Found a huge runed translucent gate.
240091 | Pan      | Found a huge runed translucent gate.
240091 | Pan      | Found a huge runed translucent gate.
240092 | Pan      | Found a huge runed translucent gate.
240092 | Pan      | Found a huge runed translucent gate.
240093 | Pan      | Noticed Momitass the pandemonium lord
240094 | Pan      | Found a huge runed translucent gate.
240094 | Pan      | Found a huge runed translucent gate.
240103 | Pan      | Reached skill level 5 in Summonings
240104 | Pan      | Killed Momitass the pandemonium lord
240369 | Pan      | Noticed Ocofric the pandemonium lord
240393 | Pan      | Killed Ocofric the pandemonium lord
240615 | Pan      | Found an exit through the horrors of the Abyss.
240784 | Pan      | Noticed Qoaluvet the pandemonium lord
240812 | Pan      | Killed Qoaluvet the pandemonium lord
241265 | Pan      | Found an exit through the horrors of the Abyss.
241630 | Pan      | Reached skill level 10 in Summonings
241732 | Pan      | Noticed Vesh the pandemonium lord
241738 | Pan      | Killed Vesh the pandemonium lord
241871 | Pan      | Found an exit through the horrors of the Abyss.
242301 | Pan      | Noticed Tacrih the pandemonium lord
242314 | Pan      | Killed Tacrih the pandemonium lord
242505 | Pan      | Found an exit through the horrors of the Abyss.
242746 | Pan      | Took an exit into the Abyss.
242746 | Abyss:4  | Escaped into the Abyss
242785 | Depths:1 | Escaped the Abyss
242943 | Zot:1    | Entered Level 1 of the Realm of Zot
242954 | Zot:2    | Noticed an orb of fire
243042 | Zot:5    | Entered Level 5 of the Realm of Zot
243043 | Zot:5    | Found a transporter.
243197 | Zot:5    | Got a prismatic gem with 782 turns to spare
243243 | Zot:5    | Found the +4 dragonskin cloak
243243 | Zot:5    | Noticed Tiamat
243274 | Zot:5    | Killed Tiamat
243385 | Zot:5    | Found a transporter.
243468 | Zot:4    | Noticed Parghit
243482 | Zot:4    | Killed Parghit
243572 | Zot:4    | Reached skill level 15 in Summonings
243621 | Zot:4    | Found the sphere of Battle
243763 | Zot:4    | Noticed Grunn
243773 | Zot:4    | Killed Grunn
244033 | Zot:3    | Identified the +10 hand axe "Aqefas" {antimagic, Str-2
                  | Int-5 Dex+6 SInv}
244501 | Zot:2    | Killed an orb of fire
244719 | Zot:2    | Noticed a dread lich
244734 | Zot:2    | Killed a dread lich
245106 | Zot:2    | Noticed an orb of fire
245113 | Zot:2    | Killed an orb of fire
246341 | Zot:5    | Noticed an orb of fire
246362 | Zot:5    | Noticed an orb of fire
246366 | Zot:5    | Killed an orb of fire
246375 | Zot:5    | Noticed an ancient lich
246383 | Zot:5    | Killed an orb of fire
246383 | Zot:5    | Noticed an orb of fire
246393 | Zot:5    | Killed an ancient lich
246403 | Zot:5    | Killed an orb of fire
246433 | Zot:5    | Noticed an orb of fire
246433 | Zot:5    | Noticed an orb of fire
246433 | Zot:5    | Noticed an orb of fire
246433 | Zot:5    | Noticed an orb of fire
246601 | Zot:5    | Noticed a dread lich
246617 | Zot:5    | Killed an orb of fire
246661 | Zot:5    | Killed an orb of fire
246681 | Zot:5    | Killed an orb of fire
246702 | Zot:5    | Killed an orb of fire
246772 | Zot:5    | Killed a dread lich
247000 | Hell     | Entered the Vestibule of Hell
247002 | Hell     | Noticed Geryon
247003 | Hell     | Found a gateway to the freezing wastes of Cocytus.
247023 | Hell     | Killed Geryon
247097 | Hell     | Found a gateway to the Iron City of Dis.
247194 | Hell     | Found a gateway to the ashen valley of Gehenna.
247201 | Geh:1    | Entered Level 1 of Gehenna
249074 | Geh:7    | Entered Level 7 of Gehenna
249541 | Geh:7    | Got the Teachings on Floating Anathema
249651 | Geh:7    | Identified the ring of the Hecatoncheires {MP+9 AC+4 Int+4}
249670 | Geh:7    | Got Dobuz's Grimoire of Striking
249679 | Geh:7    | Identified the ring "Xaip" {rF- rN+ Will+ rCorr Stlth+}
249681 | Geh:7    | Identified the amulet "Kiazado" {Acrobat rC+ rN+ Stlth+}
250632 | Geh:7    | Found the +13 sceptre of Asmodeus
250632 | Geh:7    | Noticed Asmodeus
250681 | Geh:7    | Killed Asmodeus
250775 | Geh:7    | Got an obsidian rune of Zot
250983 | Hell     | Found a gateway to the decaying netherworld of Tartarus.
251033 | Hell     | Noticed Murray
251040 | Hell     | Killed Murray
251158 | Dis:1    | Entered Level 1 of the Iron City of Dis
252377 | Dis:6    | Noticed an ancient lich
252386 | Dis:6    | Killed an ancient lich
252459 | Dis:7    | Entered Level 7 of the Iron City of Dis
252473 | Dis:7    | Noticed a juggernaut
252497 | Dis:7    | Killed a juggernaut
253367 | Dis:7    | Found the +8 demon blade "Leech" {evervamp, Harm ^Drain
                  | rN+}
253377 | Dis:7    | Got the Essays on Accompaniment and Combat Magic
253552 | Dis:7    | Noticed a juggernaut
253568 | Dis:7    | Killed a juggernaut
253572 | Dis:7    | Identified the ring of Viarchofu {Str+7 Slay+4}
253697 | Dis:7    | Noticed a juggernaut
253712 | Dis:7    | Killed a juggernaut
253895 | Dis:7    | Noticed Dispater
253913 | Dis:7    | Killed Dispater
254011 | Dis:7    | Identified the +11 hand axe of Eternity {drain, rCorr}
254012 | Dis:7    | Identified the +10 chain mail "Jerphong" {+Inv Str+3}
254014 | Dis:7    | Got the Directory of Vehement Malisons
254018 | Dis:7    | Got an iron rune of Zot
254019 | Dis:7    | Identified the +3 leather armour of the Hidden Vale {rF+}
254020 | Dis:7    | Identified the +6 trident of the Beast {venom, rC+}
254784 | D:14     | Bought the -1 hat "Vialeh" {rPois Str+4 Dex+4} for 432 gold
                  | pieces
254947 | Depths:1 | Learned a level 3 spell: Tukima's Dance
254957 | Depths:1 | Learned a level 9 spell: Dragon's Call
254959 | Pan      | Entered Pandemonium
255202 | Pan      | Found an exit through the horrors of the Abyss.
255223 | Pan      | Reached skill level 27 in Summonings
255223 | Pan      | Reached skill level 1 in Unarmed Combat
255293 | Pan      | Reached skill level 5 in Unarmed Combat
255296 | Pan      | Noticed Dityqe the pandemonium lord
255311 | Pan      | Killed Dityqe the pandemonium lord
255793 | Pan      | Took an exit into the Abyss.
255793 | Abyss:4  | Escaped into the Abyss
255801 | Abyss:4  | Found a corrupted altar of Lugonu.
255944 | Abyss:4  | Reached skill level 10 in Unarmed Combat
255957 | Abyss:4  | Found a corrupted altar of Lugonu.
256422 | Abyss:4  | Found a corrupted altar of Lugonu.
256536 | Abyss:4  | Found a corrupted altar of Lugonu.
256552 | Abyss:4  | Found a corrupted altar of Lugonu.
256589 | Abyss:4  | Reached skill level 15 in Unarmed Combat
256657 | Abyss:4  | Noticed a dread lich
256670 | Abyss:4  | Killed a dread lich
256821 | Abyss:4  | Noticed a dread lich
256831 | Abyss:4  | Killed a dread lich
256868 | Depths:1 | Escaped the Abyss
257077 | Pan      | Entered Pandemonium
257147 | Pan      | Identified the +2 quarterstaff "Tengum" {freeze, rF+ Str+5}
257183 | Pan      | Noticed Qobul the pandemonium lord
257189 | Pan      | Killed Qobul the pandemonium lord
257399 | Pan      | Found an exit through the horrors of the Abyss.
258109 | Pan      | Took an exit into the Abyss.
258109 | Abyss:4  | Escaped into the Abyss
258518 | Abyss:4  | Found a corrupted altar of Lugonu.
258645 | Abyss:4  | Found a corrupted altar of Lugonu.
258793 | Abyss:4  | Found a corrupted altar of Lugonu.
259091 | Abyss:4  | Noticed an ancient lich
259095 | Abyss:4  | Killed an ancient lich
259122 | Abyss:4  | Noticed an ancient lich
259130 | Abyss:4  | Killed an ancient lich
259265 | Depths:1 | Escaped the Abyss
259509 | Vaults:3 | Fell from the grace of Zin
259509 | Vaults:3 | Became a worshipper of Gozag Ym Sagoz the Greedy
259731 | Tomb:1   | Entered Level 1 of the Tomb of the Ancients
259871 | Tomb:1   | Noticed a royal mummy
259879 | Tomb:1   | Killed a royal mummy
259894 | Tomb:2   | Noticed a royal mummy
259895 | Tomb:2   | Noticed a royal mummy
259899 | Tomb:2   | Noticed a royal mummy
259921 | Tomb:2   | Killed a royal mummy
259924 | Tomb:2   | Noticed a royal mummy
259926 | Tomb:2   | Killed a royal mummy
259931 | Tomb:2   | Killed a royal mummy
259959 | Tomb:2   | Killed a royal mummy
260036 | Tomb:1   | Noticed a royal mummy
260037 | Tomb:1   | Noticed a royal mummy
260042 | Tomb:1   | Noticed a royal mummy
260046 | Tomb:1   | Killed a royal mummy
260050 | Tomb:1   | Killed a royal mummy
260051 | Tomb:1   | Killed a royal mummy
260056 | Tomb:1   | Noticed a royal mummy
260057 | Tomb:1   | Noticed a royal mummy
260064 | Tomb:1   | Killed a royal mummy
260067 | Tomb:1   | Killed a royal mummy
260069 | Tomb:1   | Noticed a royal mummy
260070 | Tomb:1   | Noticed a royal mummy
260076 | Tomb:1   | Killed a royal mummy
260077 | Tomb:1   | Noticed a royal mummy
260077 | Tomb:1   | Noticed a royal mummy
260085 | Tomb:1   | Killed a royal mummy
260088 | Tomb:1   | Killed a royal mummy
260097 | Tomb:1   | Noticed a royal mummy
260099 | Tomb:1   | Killed a royal mummy
260108 | Tomb:1   | Killed a royal mummy
260116 | Tomb:1   | Noticed a royal mummy
260120 | Tomb:1   | Noticed a royal mummy
260120 | Tomb:1   | Noticed a royal mummy
260123 | Tomb:1   | Noticed a royal mummy
260125 | Tomb:1   | Killed a royal mummy
260127 | Tomb:1   | Noticed a royal mummy
260133 | Tomb:1   | Killed a royal mummy
260136 | Tomb:1   | Killed a royal mummy
260139 | Tomb:1   | Killed a royal mummy
260139 | Tomb:1   | Paralysed by a Zot trap for 3 turns
260148 | Tomb:1   | Killed a royal mummy
260229 | Tomb:1   | Noticed a royal mummy
260233 | Tomb:1   | Noticed a royal mummy
260234 | Tomb:1   | Noticed a royal mummy
260236 | Tomb:1   | Noticed a royal mummy
260238 | Tomb:1   | Killed a royal mummy
260239 | Tomb:1   | Noticed a royal mummy
260239 | Tomb:1   | Noticed a royal mummy
260250 | Tomb:1   | Killed a royal mummy
260251 | Tomb:1   | Noticed a royal mummy
260262 | Tomb:1   | Killed a royal mummy
260263 | Tomb:1   | Killed a royal mummy
260263 | Tomb:1   | Lost intelligence.
260264 | Tomb:1   | Killed a royal mummy
260266 | Tomb:1   | Noticed a royal mummy
260269 | Tomb:1   | Noticed a royal mummy
260273 | Tomb:1   | Killed a royal mummy
260278 | Tomb:1   | Killed a royal mummy
260285 | Tomb:1   | Killed a royal mummy
260290 | Tomb:1   | Killed a royal mummy
260439 | Tomb:3   | Entered Level 3 of the Tomb of the Ancients
260464 | Tomb:3   | Noticed a royal mummy
260478 | Tomb:3   | Noticed a royal mummy
260482 | Tomb:3   | Killed a royal mummy
260499 | Tomb:3   | Killed a royal mummy
260500 | Tomb:3   | Reached skill level 27 in Unarmed Combat
260503 | Tomb:3   | Reached skill level 1 in Earth Magic
260505 | Tomb:3   | Found the amulet of the Air {Inacc Air Fly rElec RMsl}
260513 | Tomb:3   | Noticed a royal mummy
260526 | Tomb:3   | Killed a royal mummy
260567 | Tomb:3   | Noticed a royal mummy
260579 | Tomb:3   | Killed a royal mummy
260580 | Tomb:3   | Reached skill level 5 in Earth Magic
260580 | Tomb:3   | Noticed a royal mummy
260593 | Tomb:3   | Killed a royal mummy
260595 | Tomb:3   | Noticed a royal mummy
260608 | Tomb:3   | Killed a royal mummy
260614 | Tomb:3   | Noticed a royal mummy
260621 | Tomb:3   | Killed a royal mummy
260621 | Tomb:3   | Noticed a royal mummy
260632 | Tomb:3   | Killed a royal mummy
260637 | Tomb:3   | Got a sanguine gem with 872 turns to spare
260640 | Tomb:3   | Got a golden rune of Zot
260795 | Tomb:3   | Identified the +6 mace "Tuk Weg" {flame, +Blink Dex+5}
260796 | Tomb:3   | Identified the +1 ring mail "Xextuori" {Will+ rCorr Int+4}
260797 | Tomb:3   | Identified the +0 chain mail of Levity {rF+ Str+2}
260798 | Tomb:3   | Identified the +10 orcbow "Jaim Qoi" {speed, rPois Str-5
                  | Dex+3}
260820 | Tomb:3   | Identified the ring "Zieshe" {rElec rC+ rN+ Dex-3}
260825 | Tomb:3   | Identified the +3 morningstar "Fushrotis" {vamp, rElec rF+
                  | rC+}
260826 | Tomb:3   | Identified the ring "Macwimom" {Dex+2 Slay+4}
260827 | Tomb:3   | Identified the amulet "Kithre" {Reflect Str+2 SH+5}
260839 | Tomb:3   | Identified the +3 chain mail of Wiskeg Aludo {Harm Int+4
                  | Dex+7}
260840 | Tomb:3   | Identified the +0 ring mail "Ruirayghy" {Rampage}
260846 | Tomb:3   | Identified the +4 dagger of Purpose {freeze, *Corrode rPois
                  | Will+ Int+7}
261482 | Tomb:1   | Noticed a royal mummy
261496 | Tomb:1   | Killed a royal mummy
262890 | Depths:1 | Bought a coiled bone ring for 105 gold pieces
262890 | Depths:1 | Identified the ring "Kucluf" {Fly rPois Stlth+} (You bought
                  | it in a shop on level 1 of the Depths)
262892 | Depths:1 | Bought a pair of embroidered gloves for 352 gold pieces
262894 | Depths:1 | Bought the +0 pair of fencer's gloves {Riposte Dex+3} for
                  | 920 gold pieces
262894 | Depths:1 | Found the +0 pair of fencer's gloves {Riposte Dex+3}
262956 | Tar:1    | Entered Level 1 of Tartarus
262962 | Tar:1    | You fall into a shaft and drop 1 floor!
263156 | Tar:2    | Reached skill level 10 in Earth Magic
264608 | Tar:7    | Entered Level 7 of Tartarus
264690 | Tar:7    | Noticed Ereshkigal
264699 | Tar:7    | Noticed the Serpent of Hell
264705 | Tar:7    | Killed Ereshkigal
265041 | Tar:7    | Reached skill level 15 in Earth Magic
265336 | Tar:7    | Noticed an ancient lich
265344 | Tar:7    | Killed an ancient lich
265348 | Tar:7    | Noticed an ancient lich
265369 | Tar:7    | Killed an ancient lich
265392 | Tar:7    | Killed the Serpent of Hell
265869 | Tar:7    | Identified the +5 arbalest of Peril {heavy, Will+ Int+3}
265983 | Tar:7    | Identified the staff "Denimot" {rPois rN+ MP+9 Int+2
                  | Alchemy}
266084 | Tar:7    | Identified the ring "Met Hine" {rF+ rC- Int+3 Slay+3 SInv}
266087 | Tar:7    | Identified the +10 broad axe "Rietoss" {heavy, rC+}
266218 | Tar:7    | Got a bone rune of Zot
266248 | Tar:7    | Noticed an ancient lich
266250 | Tar:7    | Noticed an ancient lich
266256 | Tar:7    | Killed an ancient lich
266262 | Tar:7    | Killed an ancient lich
266322 | Tar:7    | Got the Spellbook of Burning Glamour
266526 | Coc:1    | Entered Level 1 of Cocytus
266796 | Coc:3    | Paralysed by a wendigo for 1 turns
267139 | Coc:7    | Entered Level 7 of Cocytus
267517 | Coc:7    | Paralysed by a wendigo for 1 turns
267642 | Coc:7    | Found the +8 demon trident "Rift" {distort, reach+}
267872 | Coc:7    | Noticed Antaeus
267884 | Coc:7    | Banished Antaeus
267903 | Coc:7    | Got an icy rune of Zot
267995 | Coc:7    | Paralysed by a wendigo for 1 turns
268533 | Zig:1    | Entered Level 1 of a ziggurat
268559 | Zig:2    | Entered Level 2 of a ziggurat
268584 | Zig:2    | Identified the +7 falchion "Jorchaor" {flame, Int+2}
268587 | Zig:3    | Entered Level 3 of a ziggurat
268657 | Abyss:6  | Found a blossoming altar of Fedhas.
268657 | Abyss:6  | Cast into level 6 of the Abyss (unwielding a weapon of
                  | distortion)
268671 | Abyss:6  | Found a corrupted altar of Lugonu.
268674 | Zig:3    | Escaped the Abyss
268676 | Zig:4    | Entered Level 4 of a ziggurat
268707 | Zig:4    | Got Sif Muna's Papyrus of the Terrestrial Boggart
268710 | Zig:5    | Entered Level 5 of a ziggurat
268756 | Zig:6    | Entered Level 6 of a ziggurat
268803 | Zig:6    | Identified the staff of the Other Side {*Slow rElec rPois
                  | rC- rCorr Alchemy}
268806 | Zig:6    | Identified the +1 sling of Plunder {antimagic, ^Fragile
                  | rElec Str+2 SInv}
268810 | Zig:7    | Entered Level 7 of a ziggurat
268850 | Zig:7    | Identified the ring "Mozab" {rPois rF+}
268855 | Zig:7    | Identified the +0 long sword of the Dead {spect, Dex+3}
268856 | Zig:7    | Identified the ring "Tabafeuso" {Ice rElec rPois Int-4}
268869 | Zig:8    | Entered Level 8 of a ziggurat
268875 | Zig:8    | Found the +1 cloak of Starlight {*Dazzle EV+4 Stlth--}
268922 | Zig:8    | Identified the ring "Idiul" {MP+9 Str+5 Dex+6}
268926 | Zig:8    | Identified the +1 short sword "Ezierot" {speed, +Blink rC+}
268947 | Zig:9    | Entered Level 9 of a ziggurat
269003 | Zig:9    | Identified the ring "Asokalad" {Fly rN+ Dex+2}
269008 | Zig:10   | Entered Level 10 of a ziggurat
269018 | Zig:10   | Found the +5 robe of Night {Dark Will+ SInv}
269073 | Zig:10   | Identified the staff "Xasoutel" {rPois Int-4 Dex+2 Earth}
269094 | Zig:10   | Learned a level 8 spell: Discord
269095 | Zig:11   | Entered Level 11 of a ziggurat
269102 | Zig:11   | Noticed Xiejaus's ghost (legendary VSFi)
269144 | Zig:11   | Killed Xiejaus's ghost
269193 | Zig:12   | Entered Level 12 of a ziggurat
269299 | Zig:12   | Identified the ring of Dim Light {Will+ EV+5 Str+3 Dex+4}
269313 | Zig:12   | Identified the +6 rapier of Woe {venom, +Blink Dex+4}
269315 | Zig:12   | Got Sif Muna's Catalogue of Assembling and Effluvium
269325 | Zig:13   | Entered Level 13 of a ziggurat
269410 | Zig:13   | Identified the storm talisman "Etadgh" {+Blink}
269421 | Zig:13   | Identified the +4 great sword "Hattol" {flame, ^Contam
                  | ^Fragile rElec Dex+9}
269429 | Zig:14   | Entered Level 14 of a ziggurat
269546 | Zig:14   | Identified the amulet of Upihips {Spirit rF+ rCorr}
269548 | Zig:14   | Identified the staff of the Vanishing Xeniums {Dex+4 Conj
                  | Hexes Air}
269563 | Zig:14   | Learned a level 6 spell: Death Channel
269564 | Zig:14   | Identified the +9 whip "Ultimatum" {freeze, rF+ Dex+3}
269566 | Zig:15   | Entered Level 15 of a ziggurat
269579 | Zig:15   | Noticed Hifuczos the pandemonium lord
269579 | Zig:15   | Noticed Edime the pandemonium lord
269579 | Zig:15   | Noticed Vydosyib the pandemonium lord
269607 | Zig:15   | Killed Hifuczos the pandemonium lord
269607 | Zig:15   | Killed Vydosyib the pandemonium lord
269608 | Zig:15   | Killed Edime the pandemonium lord
269616 | Zig:15   | Identified the +9 spear of Ignis's Castigation {pain,
                  | *Noise Int+9 Stlth+}
269656 | Zig:15   | Identified the staff of Departure {rF+ Dex+3 Fire}
269660 | Zig:15   | Identified the ring of Rigutof {rF+++ rC- Int+6 Slay+3}
269722 | Zig:16   | Entered Level 16 of a ziggurat
269838 | Zig:16   | Identified the +9 quarterstaff of the Crushed Scars {flame,
                  | *Corrode rN+ Will++ SInv}
269841 | Zig:16   | Identified the +7 short sword of Vukiono {flame, rF+ Will+
                  | Dex+2}
269862 | Zig:16   | Identified the +1 mace "Worm's Wrath" {drain, rPois rF+
                  | rC+}
269863 | Zig:16   | Identified the ring "Omucko" {^Drain AC+4 Str+4 Dex+4
                  | Stlth+}
269901 | Zig:16   | Got the Opusculum on the Frozen Squall
269924 | Zig:17   | Entered Level 17 of a ziggurat
270063 | Zig:17   | Identified the staff "Ocea" {rElec rN+ Str+4 Air}
270073 | Zig:17   | Identified the +0 leather armour of Eternal Vigilance {Fly
                  | rPois Will- Stlth-}
270094 | Zig:17   | Identified the ring of the Fabulous Tamarind {rElec rC+
                  | Dex+3 SInv}
270161 | Zig:18   | Entered Level 18 of a ziggurat
270195 | Zig:18   | Found the +6 arbalest "Damnation" {damnation}
270339 | Zig:18   | Identified the +0 robe of Coelamah {+Inv Int+2}
270349 | Zig:18   | Identified the staff of Disaster {rF+ Str+4 Fire}
270352 | Zig:18   | Identified the +5 morningstar of the Freezing Rat {freeze,
                  | Str+3 Int+3 Dex-2}
270355 | Zig:18   | Identified the +0 leather armour "Tuunimow" {Rampage rF+}
270366 | Zig:18   | Identified the +0 scimitar of Zoplenur {venom, *Rage rElec
                  | MP+9 Str+4}
270375 | Zig:19   | Entered Level 19 of a ziggurat
270405 | Zig:19   | Found the ring of the Octopus King
270478 | Zig:19   | Identified the +2 mace of Exquisite Death {venom, Fly Int+2
                  | SInv}
270480 | Zig:19   | Identified the +2 orcbow "Yxzer" {drain, Str+3 SInv}
270486 | Zig:19   | Identified a ring of the Octopus King {Wiz HP+2 AC+2 EV+2
                  | SH+2}
270496 | Zig:19   | Identified the +2 robe of Muoddigi {rPois Int+2}
270501 | Zig:19   | Identified the staff "Oseg" {^Contam Int+5 Dex+2 Earth}
270592 | Zig:20   | Entered Level 20 of a ziggurat
270604 | Zig:20   | Noticed a royal mummy
270604 | Zig:20   | Noticed a royal mummy
270605 | Zig:20   | Noticed a royal mummy
270606 | Zig:20   | Noticed a royal mummy
270606 | Zig:20   | Noticed a royal mummy
270610 | Zig:20   | Noticed a royal mummy
270614 | Zig:20   | Killed a royal mummy
270614 | Zig:20   | Noticed a royal mummy
270616 | Zig:20   | Noticed a royal mummy
270616 | Zig:20   | Killed a royal mummy
270621 | Zig:20   | Noticed a royal mummy
270628 | Zig:20   | Killed a royal mummy
270630 | Zig:20   | Killed a royal mummy
270641 | Zig:20   | Killed a royal mummy
270654 | Zig:20   | Killed a royal mummy
270658 | Zig:20   | Killed a royal mummy
270661 | Zig:20   | Killed a royal mummy
270662 | Zig:20   | Killed a royal mummy
270803 | Zig:20   | Got the Atlas of the Snowflakes and Concussion
270815 | Zig:20   | Learned a level 9 spell: Shatter
270816 | Zig:21   | Entered Level 21 of a ziggurat
270846 | Zig:21   | Found the +5 Storm Queen's Shield {shock, Fly rElec}
271000 | Zig:21   | Identified the +3 quarterstaff of Lelub {flame, Dex+3}
271002 | Zig:21   | Identified the staff of Crusades {rElec rF+ Conj Ice}
271017 | Zig:21   | Identified the ring "Urucheh" {rElec Int-4 Dex+6 Slay+2}
271018 | Zig:21   | Identified the +1 battleaxe of Loebraff {drain, Dex+5}
271019 | Zig:21   | Identified the +0 chain mail "Loryotu" {^Drain rPois MP+9
                  | Stlth+}
271021 | Zig:21   | Identified the +3 ring mail "Toegases" {rF+ Int+6}
271035 | Zig:22   | Entered Level 22 of a ziggurat
271047 | Zig:22   | Reached skill level 27 in Earth Magic
271049 | Zig:22   | Reached skill level 1 in Alchemy
271078 | Zig:22   | Reached skill level 5 in Alchemy
271335 | Zig:22   | Found the +8 whip "Snakebite" {venom, curare, rPois}
271345 | Zig:22   | Identified the +10 battleaxe "Zergh" {elec, Will+ Dex+3}
271348 | Zig:22   | Identified the +1 hat "Ishrepeg" {+Blink rPois rC++ Will-}
271358 | Zig:22   | Reached skill level 10 in Alchemy
271376 | Zig:22   | Identified the +6 war axe "Kiqaimad" {venom, Fly rElec}
271378 | Zig:22   | Identified the +10 great sword "Asiuhoekk" {flame, rF- rN+
                  | Will++ Dex+4}
271382 | Zig:22   | Identified the +0 scale mail "Eqiakh" {rCorr Dex+2 Slay-5}
271385 | Zig:22   | Identified the +2 robe "Kezemmyps" {SInv}
271397 | Zig:23   | Entered Level 23 of a ziggurat
271412 | Zig:23   | Paralysed by a wendigo for 1 turns
271727 | Zig:23   | Found the +7 mace of Variability {chaos, chaos arc}
271732 | Zig:23   | Identified the +1 ring mail of the Peach {rPois}
271733 | Zig:23   | Identified the +3 ring mail "Beqi" {rN+++ Str-3 Dex+5}
271739 | Zig:23   | Identified the +8 plate armour "Snt Moroec" {Fly Str+3
                  | Dex-2}
271752 | Zig:23   | Identified the +5 quarterstaff "Spiderbane" {heavy,
                  | ^Fragile rC+ Str+4 Dex-2}
271794 | Zig:24   | Entered Level 24 of a ziggurat
271803 | Zig:24   | Noticed Mewig the pandemonium lord
271804 | Zig:24   | Noticed Geedivamy the pandemonium lord
271804 | Zig:24   | Noticed Zestriar the pandemonium lord
271804 | Zig:24   | Noticed Onotatad the pandemonium lord
271804 | Zig:24   | Noticed Dashrapp the pandemonium lord
271805 | Zig:24   | Noticed Lequttidaph the pandemonium lord
271805 | Zig:24   | Noticed Rimuor the pandemonium lord
271806 | Zig:24   | Noticed Effuas the pandemonium lord
271806 | Zig:24   | Noticed Ikle the pandemonium lord
271815 | Zig:24   | Noticed Nudwel the pandemonium lord
271817 | Zig:24   | Noticed Evagg the pandemonium lord
271818 | Zig:24   | Noticed Giemp the pandemonium lord
271819 | Zig:24   | Noticed Seutz the pandemonium lord
271821 | Zig:24   | Noticed Ufies the pandemonium lord
271826 | Zig:24   | Killed Lequttidaph the pandemonium lord
271827 | Zig:24   | Killed Rimuor the pandemonium lord
271828 | Zig:24   | Killed Effuas the pandemonium lord
271831 | Zig:24   | Killed Zestriar the pandemonium lord
271834 | Zig:24   | Killed Ikle the pandemonium lord
271839 | Zig:24   | Killed Geedivamy the pandemonium lord
271840 | Zig:24   | Reached skill level 15 in Alchemy
271840 | Zig:24   | Killed Evagg the pandemonium lord
271842 | Zig:24   | Killed Mewig the pandemonium lord
271849 | Zig:24   | Killed Giemp the pandemonium lord
271859 | Zig:24   | Killed Ufies the pandemonium lord
271875 | Zig:24   | Killed Dashrapp the pandemonium lord
271883 | Zig:24   | Killed Onotatad the pandemonium lord
271894 | Zig:24   | Killed Nudwel the pandemonium lord
271895 | Zig:24   | Killed Seutz the pandemonium lord
272021 | Zig:24   | Learned a level 5 spell: Alistair's Intoxication
272027 | Zig:24   | Learned a level 5 spell: Yara's Violent Unravelling
272029 | Zig:24   | Identified the +1 ring mail of Edafy {-Cast rElec rC+
                  | Str+7}
272068 | Zig:25   | Entered Level 25 of a ziggurat
272281 | Zig:25   | Identified the +6 rapier "Pobraxko" {spect, Str+3}
272291 | Zig:25   | Identified the +4 shortbow of Wrath {freeze, MP+9 Str+8}
272292 | Zig:25   | Identified the amulet "Rotuzo" {Spirit Harm +Blink Dex+4}
272318 | Zig:25   | Identified the staff of Abuse {rF+ Will++ Dex-4 Fire}
272370 | Zig:26   | Entered Level 26 of a ziggurat
272417 | Zig:26   | Found the +5 woodcutter's axe
272418 | Zig:26   | Found the +7 sceptre of Torment {pain, torment}
272624 | Zig:26   | Identified the ring "Kaekaupn" {rPois rF+++ Will- Int+4
                  | SInv}
272626 | Zig:26   | Identified the ring of the Filigreed God {Fly rF++}
272642 | Zig:26   | Identified the +8 demon trident of Expedience {speed, rPois
                  | rF- Int+3}
272651 | Zig:26   | Identified the amulet "Huseomis" {Spirit rPois rF- rN+}
272732 | Zig:27   | Entered Level 27 of a ziggurat
272908 | Zig:27   | Identified the ring of Absolutism {rF+ AC+4 Str+3 SInv
                  | Stlth+}
272926 | Zig:27   | Identified the staff "Kodet" {rN+ Earth}
272927 | Zig:27   | Identified the +7 chain mail of the Burning Grue {Fly SInv}
273075 | Depths:4 | Bought a pair of embroidered boots for 345 gold pieces
273081 | Depths:4 | Bought a glowing crystal plate armour for 2988 gold pieces
273204 | Zot:5    | Got the Orb of Zot
273346 | Depths:4 | Noticed Pofrad the pandemonium lord
273355 | Depths:4 | Killed Pofrad the pandemonium lord
273599 | D:15     | Noticed Gupocihu the pandemonium lord
273626 | D:15     | Killed Gupocihu the pandemonium lord
273926 | D:$      | Escaped with the Orb!

Illustrated notes

Levels and vault maps discovered:
D:1:      saegor_arrival_simple_e, layout_basic
D:2:      wad_pebble_path, layout_basic, uniq_robin
D:3:      layout_basic, nicolae_ru_sacrificial_ziggurat, serial_shops,
          shop_coins, uniq_ijyb, uniq_sigmund, uniq_jessica, uniq_grinder
D:4:      layout_gridville, mainiacjoe_overflow_tiny_flanked, tso_metal_star,
          gammafunk_ghost_smash, minmay_mini_ossuary
D:5:      layout_basic, pdpol_temple_overflow_zin_treasury_gozag_greed,
          nicolae_overflow_squiral, serial_shops, nicolae_shop_rolling_square,
          interstate_on_off, roderic_roman_lattice, uniq_edmund
D:6:      layout_basic, serial_rivers, chequers_serial_rivers_micro_a,
          chequers_serial_rivers_large_a, chequers_serial_rivers_micro_b,
          chequers_serial_rivers_micro_c, hangedman_decor_peaks_small
D:7:      layout_basic, mainiacjoe_overflow_boulevard,
          minmay_temple_entry_arrows, chequers_garden, grunt_ministairs_11,
          uniq_joseph, uniq_jeremiah, uniq_pikel
D:8:      layout_cave_pools, mainiacjoe_overflow_chevrons
D:9:      minmay_the_grid_triangle_9x9_recursive_2
          [minmay_the_grid_triangle_9x9_prize_schism,
          minmay_the_grid_triangle_9x9_minimal,
          minmay_the_grid_triangle_9x9_tough_junction,
          minmay_the_grid_triangle_9x9_steps], layout_gridville, serial_shops,
          nicolae_shop_rolled_up, special_room [special_room_bee],
          corexii_checkpoint, kennysheep_generic_room_2
D:10:     layout_stronghold, dpeg_oklobed_lair, lightli_orcish_oven
D:11:     layout_loops_corners
D:12:     layout_stronghold, minmay_orc_entry_temple_small, serial_bayou,
          serial_bayou_lake_a, serial_bayou_shore_a, serial_bayou_pond_c,
          serial_bayou_crossing, portal_ice_cave_entry_pillars_1, serial_shops,
          nicolae_shop_scrapyard
D:13:     layout_roguey, gauntlet_entry_generic, biasface_ghost_orc_armoury
D:14:     layout_rooms, ximxim_vaults_locker_room, serial_shops,
          nicolae_shop_peninsula
D:15:     hellmonk_depths_entry_around_the_bend, layout_basic,
          serial_park_tiny_1, uniq_azrael
Temple:   nicolae_temple_bog_church
Lair:1:   layout_misc_corridors
Lair:2:   layout_misc_corridors, nicolae_snake_entry_warm_welcome
Lair:3:   layout_roguey, minmay_shoals_entry_beasts
Lair:4:   layout_cave_pods, slime_entry_1, dpeg_oklob_1
Lair:5:   minmay_lair_end_frog_pond, layout_regular_city, serial_bayou,
          serial_bayou_pond_d, serial_bayou_pond_d, serial_bayou_pond_c,
          serial_bayou_ford_a, serial_bayou_lagoon_a, serial_bayou_pond_d
Shoals:1: layout_shoals, nicolae_alphabet_shops
Shoals:2: cheibrodos_shoals_epimethial_gifts, layout_shoals, serial_shops,
          nicolae_shop_trees, shop, nicolae_shoals_pincushion_passage,
          uniq_ilsuiw, uniq_aizul
Shoals:3: layout_shoals, nicolae_shoals_kraken_intersection
Shoals:4: shoals_end_simple, layout_shoals, nicolae_shoals_shepherds
Snake:1:  layout_cave_pods, serial_shops, shop
Snake:2:  layout_layer_cave, minmay_shoptagon
Snake:3:  layout_misc_corridors
Snake:4:  snake_pit, layout_cave_shapes, uniq_agnes
Slime:1:  layout_caves, nicolae_slime_barrier
Slime:2:  layout_caves
Slime:3:  layout_caves
Slime:4:  layout_caves
Slime:5:  slime_pit_nicolae_jellycorners, uniq_dissolution
Orc:1:    layout_caves, basic_altar, elf_legates
Orc:2:    st_orc_pillars, layout_caves
Elf:1:    layout_loops_corners, serial_glass, glass_columns_b, glass_columns_b,
          glass_columns_c, glass_columns_a, serial_shops,
          nicolae_shop_drivethru, nicolae_elf_crossing_hall,
          nicolae_elf_elemental_lessons
Elf:2:    elven_hall_of_blades_hangedman_alternative
          [nicolae_vaults_blade_armed_guards], layout_geoelf_octagon,
          serial_shops, nicolae_shop_crystal, nicolae_shop_bloodbath_and_beyond,
          nicolae_shop_tiny_real_fake_doors, hangedman_elf_simple_split,
          uniq_jorgrun, uniq_zenata
Elf:3:    grunt_elf_hall_asides, layout_geoelf_grid,
          nicolae_shop_sticking_my_neck_out
Vaults:1: nicolae_vaults_trapezoid_layered,
          nicolae_vaults_offset_grid_hallway_3, vaults_standard_mumra_lines,
          minmay_guarded_unrand_secular_launcher, vaults_dpeg_emergency_exit,
          hangedman_vaults_capsules, vaults_mumra_chevron, v_misc_16,
          hangedman_vaults_corner_blocks, nicolae_vaults_little_ls,
          vaults_room_pool, ontoclasm_vaults_hangar,
          nicolae_vaults_storage_closets_2, nicolae_vaults_door_testing_chamber,
          vaults_dpeg_ring, nicolae_vaults_diamond_1,
          nicolae_vaults_shelves_hall, grunt_vaults_hallway_short,
          layout_vaults_omnicross, serial_shops,
          nicolae_shop_tiny_real_fake_doors
Vaults:2: hangedman_vaults_snaps, ontoclasm_vaults_ring_square,
          ontoclasm_vaults_hangar, minmay_crypt_entry_simple_walls,
          v_alt_pattern_6, nicolae_vaults_house_2, layout_vaults_quadrants,
          serial_shops, shop, shop
Vaults:3: ontoclasm_vaults_tryst, v_misc_27, nicolae_vaults_tetromino_Z_1,
          kennysheep_vaults_gozag_temple, v_alt_pattern_6, hangedman_vaults_hat,
          nicolae_vaults_mini_display_case, nicolae_vaults_surprise_closet,
          v_misc_11, nicolae_vaults_diamond_1, ontoclasm_vaults_bender,
          nicolae_vaults_trapezoid_layered, vaults_room_fancy_cross,
          nicolae_vaults_octothorpe, layout_vaults_maze_bifur
Vaults:4: hangedman_vaults_nails, ontoclasm_vaults_claustrophobia, v_pattern_4,
          nicolae_vaults_bisected_exclaves, vaults_mumra_chevron_long,
          ontoclasm_vaults_ring_square, vaults_room_semicircle,
          nicolae_vaults_apartment_2, layout_vaults_chaotic_city, uniq_frederick
Vaults:5: serial_shops
Crypt:1:  layout_chaotic_city, serial_co_window_serial,
          co_window_of_opportunity_a, co_window_paths_a,
          co_window_of_opportunity_a, co_window_paths_a, co_window_paths_a,
          co_window_broadway_c, co_window_2corner, co_window_corner_b,
          co_window_corner_cb, co_window_paths_d, co_window_4corner_a,
          glass_columns_a, glass_columns_b, glass_columns_a, glass_columns_a
Crypt:2:  layout_misc_corridors
Crypt:3:  church_of_pain_bobbens, layout_chaotic_city,
          nicolae_tomb_entry_unfolded_pyramid_diagonal
Tomb:1
Tomb:2
Tomb:3
Depths:1: layout_big_octagon, rand_demon_pan_entry_8, mu_enter_wizlab_5,
          hell_entry, hangedman_abyss_or_decor_stabs, dancing_weapons_uskayaw
Depths:2: kennysheep_treasure_stockpile, layout_cave_pools,
          hellmonk_sif_muna_bookshelves, grunt_pan_entry_sceptre, hell_entry
Depths:3: hangedman_box_tower, layout_gridlike, enter_ziggurat_d, hell_entry,
          minmay_tree_intersection, abyss_entry_flame_altar, grunt_ministairs_12
Depths:4: hangedman_pleasuredromes, abyss_entry, hell_entry, pan_entry
Hell
Dis:1:    layout_gridville
Dis:2:    layout_subdivisions
Dis:3:    layout_gridville
Dis:4:    layout_subdivisions, nicolae_dis_having_a_grate_time
Dis:5:    layout_gridville, nicolae_dis_fourth_circle
Dis:6:    layout_jigsaw, nicolae_dis_big_boring_drill
Dis:7:    dis_grunt_layers
Geh:1:    layout_gehenna_pools_box
Geh:2:    layout_gehenna_pools_triple
Geh:3:    layout_gehenna_lava_caves
Geh:4:    layout_gehenna_pools_basic
Geh:5:    layout_gehenna_lava_caves
Geh:6:    layout_gehenna_lava_caves
Geh:7:    evilmike_geh
Coc:1:    layout_cocytus_delve
Coc:2:    layout_ice_bergs, serial_ice, serial_ice_o, serial_ice_n, serial_ice_b
Coc:3:    layout_ice_bergs
Coc:4:    layout_cocytus_water_paths
Coc:5:    layout_ice_bergs
Coc:6:    layout_cocytus_delve, nicolae_hells_seeping_fissure
Coc:7:    coc_dpeg
Tar:1:    layout_grid_maze
Tar:2:    layout_grid_maze, grunt_tartarus_stairs_gauntlet_trap
Tar:3:    layout_cathedral_of_symmetry
Tar:4:    layout_cathedral_of_symmetry, nicolae_tar_cuneiform_water
Tar:5:    layout_catacombs, nicolae_tar_cuneiform_water
Tar:6:    layout_honeycomb, nicolae_tar_cuneiform_oil,
          nicolae_tar_spectre_spectrum
Tar:7:    tar_grunt_cathedral
Zot:1:    layout_misc_corridors, regret_index_zotdec_silver_v_v_orig_slice,
          amethyst_zot_foddershock, grunt_megastairs_5
Zot:2:    ebering_klown_carousel, layout_cathedral_of_symmetry
Zot:3:    lemuel_draconian_sentries, layout_misc_corridors
Zot:4:    layout_misc_corridors, st_stairs_5, uniq_grunn, uniq_parghit
Zot:5:    layout_twisted_circle, st_stairs_10, nicolae_diode_stairs, uniq_tiamat

Skill      XL: |  1  2  3  4  5  6  7  8  9 10 11 12 13 14 15 16 17 18 19 20 21 22 23 24 25 26 27 |
---------------+----------------------------------------------------------------------------------+-----
Axes           | 3 4 7 9 11 13 16 18 19 20 21 22 23 24 27 | 27.0
Dodging        | 1 2 3 4 5 7 9 10 11 12 13 27 | 27.0
Fighting       | 4 5 6 7 8 9 10 12 17 18 19 20 21 23 24 25 27 | 27.0
Armour         | 4 5 6 8 11 12 15 17 19 20 21 22 23 24 27 | 27.0
Shields        | 4 5 6 8 11 13 16 20 21 22 23 24 27 | 27.0
Invocations    | 1 5 8 11 12 13 14 16 17 18 19 27 | 27.0
Throwing       | 2 5 6 8 10 11 27 | 27.0
Stealth        | 3 7 12 15 16 17 27 | 27.0
Evocations     | 5 9 10 27 | 27.0
Maces & Flails | 6 17 18 | 18.1
Spellcasting   | 27 | 27.0
Shapeshifting  | 27 | 27.0
Necromancy     | 27 | 27.0
Hexes          | 27 | 27.0
Summonings     | 27 | 27.0
Unarmed Combat | 27 | 27.0
Earth Magic    | 27 | 27.0
Alchemy        | 20 | 20.5

Action                     |  1- 3 |  4- 6 |  7- 9 | 10-12 | 13-15 | 16-18 | 19-21 | 22-24 | 25-27 || total
---------------------------+-------+-------+-------+-------+-------+-------+-------+-------+-------++-------
  Melee: War axe           |    75 |    46 |   190 |    77 |       |       |       |       |       ||   388
         Headbutt          |     6 |     3 |    39 |   131 |   363 |   303 |   319 |   457 |  8376 ||  9997
         Hand axe          |       |       |       |    94 |       |       |       |       |       ||    94
         Broad axe         |       |       |       |   250 |  1094 |  1083 |  1078 |  1411 | 26155 || 31071
         Trident           |       |       |       |     6 |     6 |       |       |       |       ||    12
         Demon trident     |       |       |       |       |       |       |       |       |   108 ||   108
  Throw: Throwing net      |       |       |     1 |       |       |       |       |       |       ||     1
         Javelin           |       |       |       |       |       |       |       |     5 |   235 ||   240
         Dart              |       |       |       |       |       |       |       |     4 |    14 ||    18
         Boomerang         |       |       |       |       |       |       |       |       |   163 ||   163
   Cast: Discord           |       |       |       |       |       |       |       |       |    40 ||    40
         Death Channel     |       |       |       |       |       |       |       |       |    12 ||    12
         Dragon's Call     |       |       |       |       |       |       |       |       |     3 ||     3
         Enfeeble          |       |       |       |       |       |       |       |       |     3 ||     3
         Tukima's Dance    |       |       |       |       |       |       |       |       |     1 ||     1
         Alistair's Intoxi |       |       |       |       |       |       |       |       |     1 ||     1
 Invoke: Recite            |       |       |       |       |       |       |    12 |    16 |   306 ||   334
         Vitalisation      |       |       |       |       |       |       |     7 |    15 |   538 ||   560
         Brand Weapon With |       |       |       |       |       |       |     1 |       |       ||     1
         Sanctuary         |       |       |       |       |       |       |       |       |    14 ||    14
         Call Merchant     |       |       |       |       |       |       |       |       |     8 ||     8
Ability: Evoke Blink       |       |       |       |       |       |       |       |       |     1 ||     1
  Evoke: Wand              |       |       |     4 |    16 |     7 |     7 |     2 |       |    17 ||    53
         Phantom mirror    |       |       |       |       |       |     1 |       |     1 |     8 ||    10
    Use: Potion            |       |     5 |       |     3 |     1 |    10 |     9 |     5 |    61 ||    94
         Scroll            |       |       |       |    10 |     9 |    20 |    16 |     7 |    78 ||   140
   Stab: Confused          |       |       |       |       |       |       |     8 |     6 |   263 ||   277
         Invisible         |       |       |       |       |       |       |     3 |     2 |    13 ||    18
         Paralysed         |       |       |       |       |       |       |       |     2 |    13 ||    15
         Distracted        |       |       |       |       |       |       |       |       |   329 ||   329
         Sleeping          |       |       |       |       |       |       |       |       |    16 ||    16
         Petrified         |       |       |       |       |       |       |       |       |     2 ||     2
         Petrifying        |       |       |       |       |       |       |       |       |     1 ||     1
 Armour: Chain mail        |    85 |    80 |   128 |   281 |   189 |       |       |       |       ||   763
         Shadow dragon sca |       |       |       |       |   238 |    14 |       |       |       ||   252
         Plate armour      |       |       |       |       |       |   440 |   445 |    73 |       ||   958
         Gold dragon scale |       |       |       |       |       |       |       |   437 |  5114 ||  5551
  Dodge: Dodged            |    52 |    24 |    66 |   165 |   410 |   254 |   197 |   262 |  4526 ||  5956
         Repelled          |       |       |       |       |     2 |       |       |       |       ||     2
  Block: Buckler           |    23 |    11 |    35 |   149 |   335 |       |       |       |       ||   553
         Reflection        |       |       |       |     1 |    20 |    95 |   180 |    43 |   723 ||  1062
         Tower shield      |       |       |       |       |   217 |  1195 |  1294 |  1464 | 28629 || 32799
Riposte: Broad axe         |       |       |       |       |       |       |       |       |   487 ||   487
         Demon trident     |       |       |       |       |       |       |       |       |     7 ||     7
   Form: Death             |       |       |       |       |       |       |       |       |     7 ||     7
                           |       |       |       |       |       |       |       |       |     5 ||     5
